Workbook

Sheet sommaire
A1: Sommaire
A3: Aquaculture en 2019
A4: =HYPERLINK("#'aquaculture_hors_ecloserie'!A1", "Ventes finales de produits de l'aquaculture") -> Ventes finales de produits de l'aquaculture
A5: =HYPERLINK("#'evolution_aqua_ca_ventes'!A1", "Evolution des ventes finales de produits de l'aquaculture, en valeur") -> Evolution des ventes finales de produits de l'aquaculture, en valeur
A6: =HYPERLINK("#'evolution_aqua_ca_ventes'!A1", "Evolution des ventes finales de produits de l'aquaculture, en valeur") -> Evolution des ventes finales de produits de l'aquaculture, en valeur
A7: =HYPERLINK("#'serie_histo_conchy'!A1",serie_histo_conchy!A1) -> Vente à la consommation des coquillages issus d'élevages, en France de 1950 à 2019, en tonne
A8: =HYPERLINK("#'serie_histo_pisci_conti'!A1", serie_histo_pisci_conti!A1) -> Vente à la consommation, à l'export, pour le repeuplement et pour la pêche loisir, de poissons issus d'élevages en eau douce, hors étang, en France de 1950 à 2019, en tonne
A9: =HYPERLINK("#'serie_histo_pisci_marine'!A1",serie_histo_pisci_marine!A1) -> Vente à la consommation et à l'export de poissons issus d'élevages marins, en France de 1984 à 2019, en tonne
A10: =HYPERLINK("#'strate_CA'!A1",strate_CA!A1) -> Entreprises par chiffre d'affaires (CA) aquacole et activité principale
A11: =HYPERLINK("#'strate_ETP'!A1", strate_ETP!A1) -> Entreprises par équivalent temps plein (ETP) et activité principale
A12: =HYPERLINK("#'aquaculture_transmission'!A1", aquaculture_transmission!A1) -> Projet de transmission ou de cessation d'entreprises dans les cinq prochaines années
A13: =HYPERLINK("#'conchyliculture_transmission'!A1",conchyliculture_transmission!A1) -> Projet de transmission ou de cessation des entreprises conchylicoles dans les cinq prochaines années, selon l'âge du dirigeant
A15: Emploi en aquaculture en 2019
A16: =HYPERLINK("#'emploi_aquaculture'!A1", emploi_aquaculture!A1) -> Emploi en aquaculture
A17: =HYPERLINK("#'conchyliculture_emploi'!A1",conchyliculture_emploi!A1) -> Emploi en conchyliculture par région conchylicole
A18: =HYPERLINK("#'pisciculture_emploi'!A1", pisciculture_emploi!A1) -> Emploi en pisciculture par région
A19: =HYPERLINK("#'algoculture_emploi'!A1", algoculture_emploi!A1) -> Emploi en culture d'algues et de cyanobactéries par région
A20: =HYPERLINK("#'emploi_femmes'!A1", emploi_femmes!A1) -> Part des femmes dans les entreprises aquacoles
A21: =HYPERLINK("#'emploi_age_dirigeant'!A1", emploi_age_dirigeant!A1) -> Dirigeants des entreprises aquacoles par âge et par activité principale de l'entreprise
A22: =HYPERLINK("#'emploi_diplome_dirigeant'!A1", emploi_diplome_dirigeant!A1) -> Dirigeants des entreprises aquacoles par diplôme et par activité principale de l'entreprise
A23: =HYPERLINK("#'nouveau_dirigeants'!A1", nouveau_dirigeants!A1) -> Nouveaux dirigeants en 2019 selon l'activité principale de l'entreprise
A25: Conchyliculture en 2019
A26: Production de la conchyliculture
A27: =HYPERLINK("#'conchyliculture_france'!A1",conchyliculture_france!A1) -> Ventes entre professionnels et pour la consommation en conchyliculture en 2019, par espèce, hors écloserie / nurserie (naissains)
A28: =HYPERLINK("#'conchyliculture_region'!A1", conchyliculture_region!A1) -> Ventes entre professionnels et pour la consommation en conchyliculture en 2019, par région du siège de l'entreprise, par espèce, hors écloserie / nurserie (naissain)
A29: =HYPERLINK("#'conchyliculture_mode_elevage'!A1",conchyliculture_mode_elevage!A1) -> Ventes en conchyliculture par espèce, mode d'élevage et destination en 2019 (hors naissain)
A30: =HYPERLINK("#'conchyliculture_ecloserie'!A1",conchyliculture_ecloserie!A1) -> Production de naissains d'écloserie en 2019, par espèce
A31: =HYPERLINK("#'conchyliculture_captage'!A1", conchyliculture_captage!A1) -> Production de naissains de captage en 2019, par espèce
A32: =HYPERLINK("#'conchyliculture_affinage'!A1", conchyliculture_affinage!A1) -> Ventes à la consommation d'huîtres affinées en claires et en parcs
A33: =HYPERLINK("#'conchy_claires_repartition'!A1", conchy_claires_repartition!A1) -> Répartition des entreprises suivant la part (en volume) des ventes d'huitres affinées en claires
A34: =HYPERLINK("#'conchy_parcs_repartition'!A1",conchy_parcs_repartition!A1) -> Répartition des entreprises suivant la part (en volume) des ventes d'huitres affinées en parcs
A35: =HYPERLINK("#'conchy_evenements_exception'!A1",conchy_evenements_exception!A1) -> Evénements exceptionnels dans la conchyliculture et l'élevage de crustacés en 2019
A36: Répartition des productions de la conchyliculture
A37: =HYPERLINK("#'conchyliculture_origine'!A1", conchyliculture_origine!A1) -> Volumes de coquillages vendus à la consommation selon l'origine des produits
A38: =HYPERLINK("#'ostreiculture_origine_region'!A1",ostreiculture_origine_region!A1) -> Volumes d'huîtres (creuses et plates) vendues à la consommation selon l'origine du naissain
A39: =HYPERLINK("#'conchyliculture_destination'!A1", conchyliculture_destination!A1) -> Ventes selon la destination
A40: =HYPERLINK("#'conchyliculture_qualite'!A1", conchyliculture_qualite!A1) -> Ventes sous marque déposée ou signe officiel de qualité
A41: =HYPERLINK("#'ostreiculture_qualite'!A1", ostreiculture_qualite!A1) -> Ventes d'huîtres sous marque déposée ou signe officiel de qualité, par région
A42: =HYPERLINK("#'mytiliculture_qualite'!A1", mytiliculture_qualite!A1) -> Ventes de moules sous marque déposée ou signe officiel de qualité, par région
A43: Localisation des productions de la conchyliculture
A44: =HYPERLINK("#'conchy_siege_lieu'!A1",conchy_siege_lieu!A1) -> Ventes à la consommation et entre professionnels des entreprises conchylicoles par région du siège et par région d'élevage (hors naissain)
A45: =HYPERLINK("#'conchy_lieu_detaille'!A1",conchy_lieu_detaille!A1) -> Vente de coquillages selon la localisation de la production, hors écloserie/nurserie
A47: Pisciculture en 2019
A48: Production de la pisciculture
A49: =HYPERLINK("#'pisciculture_france'!A1", pisciculture_france!A1) -> Ventes des piscicultures en 2019 par espèce, pour la consommation humaine, à l'export, pour le repeuplement en milieu naturel et en parcours de pêche
A50: =HYPERLINK("#'pisciculture_region'!A1",pisciculture_region!A1) -> Production en pisciculture en 2019, par région du siège de l'entreprise et par espèce, hors écloserie / nurserie
A51: =HYPERLINK("#'pisciculture_ecloserie'!A1", pisciculture_ecloserie!A1) -> Production des écloseries / nurseries en pisciculture en 2019, par espèce
A52: =HYPERLINK("#'pisciculture_CA_region'!A1",pisciculture_CA_region!A1) -> Chiffre d'affaires de la pisciculture par région (toutes espèces et toutes destinations)
A53: =HYPERLINK("#'pisciculture_evenements_except'!A1",pisciculture_evenements_except!A1) -> Evénements exceptionnels en pisciculture en 2019
A54: Répartition des productions de la pisciculture
A55: =HYPERLINK("#'pisciculture_destination'!A1",pisciculture_destination!A1) -> Volumes vendus en pisciculture hors étang en 2019, par destination
A56: =HYPERLINK("#'pisciculture_bio'!A1", pisciculture_bio!A1) -> Pisciculture - Part de la production en bio
A57: =HYPERLINK("#'pisciculture_calibre'!A1", pisciculture_calibre!A1) -> Volumes vendus de truite arc-en-ciel par destination et calibre
A59: Culture d'algues et de cyanobactéries en 2019
A60: Production d'algues et de cyanobactéries
A61: =HYPERLINK("#'algoculture_espece_adulte'!A1",algoculture_espece_adulte!A1) -> Production en culture d'algues et de cyanobactéries, en 2019, hors production de semence
A62: =HYPERLINK("#'algoculture_region_adulte'!A1",algoculture_region_adulte!A1) -> Production en culture d'algues et de cyanobactéries, en 2019, par région, hors production de semence
A63: =HYPERLINK("#'algoculture_evenements_except'!A1", algoculture_evenements_except!A1) -> Evénements exceptionnels dans la culture d'algues et de cyanobactéries en 2019

Sheet aquaculture_hors_ecloserie
A1: Ventes finales de produits de l'aquaculture | G1: =HYPERLINK("#'sommaire'!A1", "Retour sommaire") -> Retour sommaire
A3: Espèce | B3: Entreprises avec des ventes à la consommation | C3: Volume | D3: Valeur | E3: Prix unitaire
B4: nombre d'entreprises | C4: tonne poids vif | D4: millier d'€ | E4: € / kg
A5: Coquillages et crustacés | B5: 2241 | C5: 148216.39 | D5: 543239.47 | E5: 3.665178
A6: Huîtres | B6: 1634 | C6: 85947.097 | D6: 398298.48 | E6: 4.6342285
A7: Moules | B7: 588 | C7: 60254.99 | D7: 133705.22 | E7: 2.21899
A8: Autres coquillages (coque, palourde, ormeau...) | B8: 175 | C8: 1945.68 | D8: 9712.975 | E8: 4.9920722
A9: Crustacés (crevette...) | B9: 86 | C9: 68.628 | D9: 1522.786 | E9: 22.18899
A10: Poissons | B10: 524 | C10: 45037.934 | D10: 227248 | E10: 5.0457021
A11: Truites et autres salmonidés - chair | B11: 314 | C11: 35516.484 | D11: 132959.67 | E11: 3.7436044
A12: Truites et autres salmonidés - œufs pour consommation | B12: 54 | C12: 110.53149 | D12: 2327.7096 | E12: 21.059244
A13: Autres poissons d'eau douce hors étang dont esturgeons et perches - chair | B13: 11 | C13: 390.902 | D13: 1726.012 | E13: 4.4154596
A14: Esturgeons - caviar | B14: 8 | C14: 43.52 | D14: 24905.716 | E14: 572.28208
A15: Poissons d'étangs | B15: 179 | C15: 3269.582 | D15: 14308.952 | E15: nd
A16: Poissons élevés en mer | B16: 29 | C16: 5706.914 | D16: 51019.94 | E16: 8.9400225
A17: Algues et cyanobactéries | B17: 177 | C17: 375.6742 | D17: 8431.4089 | E17: 22.443407
A18: Macro-algues | B18: 10 | C18: 150.678 | D18: 524.47 | E18: 3.4807338
A19: Micro-algues | B19: 8 | C19: 24.398 | D19: 1002.619 | E19: 41.094311
A20: Spiruline | B20: 161 | C20: 200.5982 | D20: 6904.3199 | E20: =D20/C20 -> 34.418653
A21: Toutes | B21: 2767 | C21: 193630 | D21: 778918.87 | E21: 4.0227179
A22: Note : vente finale des produits en taille marchande (hors ventes entre professionnels). Les ventes entre professionnels ne sont pas comptées ici pour éviter les doubles comptes.
A23: - pour la conchyliculture : première vente des coquillages après marquage sanitaire.
A24: - pour la pisciculture : vente pour la consommation humaine, à l'export, pour le repeuplement en milieu naturel et en parcours de pêche.
A25: - pour la culture d'algues et de spiruline : toute destination (alimentation humaine et animale, cosmétique, pharmacie et autres).
A27: Les volumes sont exprimés en poids vif : le poids sec est estimé en divisant le poids vif par 4 pour la spiruline, et par 5 pour les micro-algues.
A29: Le prix unitaire des poissons d'étang n'est pas disponible. Le volume et la valeur correspondent à l'ensemble des ventes de nombreuses espèces différentes, à des stades d'élevage différents pour des destinataires différents. Les prix de vente sont très différents d'une vente à l'autre, aussi il n'est pas pertinent de calculer un prix unitaire moyen.
A31: Une entreprise qui produit plusieurs espèces sera comptée plusieurs fois.
A32: Les entreprises aquacoles qui ne réalisent pas de ventes finales ne sont pas comptées ici : les écloseries, nurseries, les éleveurs qui ne réalisent pas de ventes finales (vente de juvéniles, de prégrossis ou de coquillages non marqués sanitairement…).
A33: Seules les entreprises réalisant des ventes à la consommation sont comptées ici.
A35: Lecture : 1 634 entreprises ont produit et vendu à la consommation 85 947 tonnes d'huîtres en 2019, pour 398 298 000 euros.
A36: Source : Agreste - Enquête aquaculture 2019

Sheet evolution_aqua_ca_ventes
A1: Evolution des ventes finales de produits de l'aquaculture, en valeur | K1: =HYPERLINK("#'sommaire'!A1", "Retour sommaire") -> Retour sommaire
A3: Activite | B3: Espece | C3: 2008 | D3: 2013 | E3: 2018 | F3: 2019 | G3: Evolution 2018 - 2019 | H3: Evolution 2013 - 2019 | I3: Evolution 2008 - 2019
C4: million d'€ | D4: millions d'€ | E4: millions d'€ | F4: % | G4: %
A5: Conchyliculture | B5: Huîtres | C5: 340.531 | D5: 389.121 | E5: 380.03 | F5: 398.29848 | G5: 4.8071161 | H5: 2.3585166 | I5: 16.963943
A6: Conchyliculture | B6: Moules | C6: 142.738 | D6: 131.734 | E6: 101.062 | F6: 133.70522 | G6: 32.300194 | H6: 1.4963658 | I6: -6.328222
A7: Conchyliculture | B7: Autres coquillages et crustacés | C7: 14.002 | D7: 13.399 | E7: 16.477 | F7: 11.235761 | G7: -31.809425 | H7: -16.144779 | I7: -19.756028
A8: Pisciculture | B8: Salmonidés - chair | C8: 112.797 | D8: 105.713 | E8: 128.153 | F8: 132.95967 | G8: 3.7507257 | H8: 25.774188 | I8: 17.875181
A9: Pisciculture | B9: Salmonidés - œufs pour la consommation | C9: nd | D9: 1.777 | E9: 2.182 | F9: 2.3277096 | G9: 6.6778005 | H9: 30.990974 | I9: nd
A10: Pisciculture | B10: Autres poissons d'eau douce hors étang | C10: 10.959 | D10: 2.261 | E10: 1.769 | F10: 1.726012 | G10: -2.4300735 | H10: -23.661566 | I10: -84.250278
A11: Pisciculture | B11: Caviar | C11: 9.118 | D11: 13.42 | E11: 23.537 | F11: 24.905716 | G11: 5.8151676 | H11: 85.586557 | I11: 173.14889
A12: Pisciculture | B12: Poissons d'étangs | C12: 13.3 | D12: 13.691 | E12: 13.3999 | F12: 14.308952 | G12: 6.7840208 | H12: 4.5135637 | I12: 7.5861053
A13: Pisciculture | B13: Poissons élevés en mer | C13: 46.612 | D13: 35.824 | E13: 40.5313 | F13: 51.019939 | G13: 25.877876 | H13: 42.418322 | I13: 9.4566624
A14: Culture d'algues et de cyanobactéries | B14: Algues et spiruline | C14: nd | D14: nd | E14: 8.9145 | F14: 8.4314089 | G14: -5.419161 | H14: nd | I14: nd
A15: Note : vente finale des produits en taille marchande (hors ventes entre professionnels).
A16: -pour la conchyliculture : première vente des coquillages après marquage sanitaire.
A17: - pour la pisciculture : vente pour la consommation humaine, à l'export, pour le repeuplement en milieu naturel et en parcours de pêche.
A18: - pour la culture d'algues et de spiruline : toute destination (alimentation humaine et animale, cosmétique, pharmacie et autres).
A19: Calcul des taux d'évolution : ((Va-Vd)/Vd)*100 où Va est la valeur d'arrivée et Vd la valeur de départ.
A20: Source : Enquête annuelle aquaculture : DPMA (2008 et 2013) - Agreste (2018 et 2019)

Sheet evolution_aqua_vol_ventes
A1: Evolution des ventes finales de produits de l'aquaculture, en volume | K1: =HYPERLINK("#'sommaire'!A1", "Retour sommaire") -> Retour sommaire
A3: Activite | B3: Espece | C3: 2008 | D3: 2013 | E3: 2018 | F3: 2019 | G3: Evolution 2018 - 2019 | H3: Evolution 2013 - 2019 | I3: Evolution 2008 - 2019
C4: tonne | D4: tonne | E4: tonne | F4: % | G4: %
A5: Conchyliculture | B5: Huîtres | C5: 104938.8 | D5: 77510.5 | E5: 92947 | F5: 85947.097 | G5: -7.5310695 | H5: 10.884457 | I5: -18.097885
A6: Conchyliculture | B6: Moules | C6: 78526.3 | D6: 74138.2 | E6: 48844 | F6: 60254.99 | G6: 23.362111 | H6: -18.726123 | I6: -23.267759
A7: Conchyliculture | B7: Autres coquillages et crustacés | C7: 2678.5 | D7: 2868 | E7: 3339 | F7: 2014.308 | G7: -39.673315 | H7: -29.766109 | I7: -24.797163
A8: Pisciculture | B8: Salmonidés - chair | C8: 36605.6 | D8: 32177.6 | E8: 34564 | F8: 35516.484 | G8: 2.7557123 | H8: 10.376425 | I8: -2.9752704
A9: Pisciculture | B9: Salmonidés - œufs pour la consommation | C9: 97.6 | D9: 96.5 | E9: 117 | F9: 110.53149 | G9: -5.5286422 | H9: 14.540403 | I9: 13.249476
A10: Pisciculture | B10: Autres poissons d'eau douce hors étang | C10: 232 | D10: 335.4 | E10: 409 | F10: 390.902 | G10: -4.4249389 | H10: 16.548002 | I10: 68.492241
A11: Pisciculture | B11: Caviar | C11: 15.5 | D11: 22 | E11: 40 | F11: 43.52 | G11: 8.8 | H11: 97.818182 | I11: 180.77419
A12: Pisciculture | B12: Poissons d'étangs | C12: 8000 | D12: 8000 | E12: 3592 | F12: 3269.582 | G12: -8.9760022 | H12: -59.130225 | I12: -59.130225
A13: Pisciculture | B13: Poissons élevés en mer | C13: 6598.6 | D13: 5215.2 | E13: 4442 | F13: 5706.914 | G13: 28.476227 | H13: 9.4284783 | I13: -13.51326
A14: Culture d'algues et de cyanobactéries | B14: Algues et spiruline | C14: nd | D14: nd | E14: 394 | F14: 375.6742 | G14: =100*(F14-E14)/E14 -> -4.6512172 | H14: nd | I14: nd
A15: Note : vente finale des produits en taille marchande (hors ventes entre professionnels).
A16: - pour la conchyliculture : première vente des coquillages après marquage sanitaire.
A17: - pour la pisciculture : vente pour la consommation humaine, à l'export, pour le repeuplement en milieu naturel et en parcours de pêche.
A18: - pour la culture d'algues et de spiruline : toute destination (alimentation humaine et animale, cosmétique, pharmacie et autres).
A19: Calcul des taux d'évolution : ((Va-Vd)/Vd)*100 où Va est la valeur d'arrivée et Vd la valeur de départ.
A20: Source : Enquête annuelle aquaculture : DPMA (2008 et 2013) - Agreste (2018 et 2019)

Sheet serie_histo_conchy
A1: Vente à la consommation des coquillages issus d'élevages, en France de 1950 à 2019, en tonne | G1: =HYPERLINK("#'sommaire'!A1", "Retour sommaire") -> Retour sommaire
A21: Source : Eurostat (1950-2018)- Agreste - Enquête aquaculture 2019
A24: Année | B24: Huîtres | C24: Moules | D24: Autres coquillages et crustacés...
A25: 1950 | B25: 92000 | C25: 10500 | D25: 0
A26: 1951 | B26: 102200 | C26: 11300 | D26: 0
A27: 1952 | B27: 86000 | C27: 4200 | D27: 0
A28: 1953 | B28: 109500 | C28: 4300 | D28: 0
A29: 1954 | B29: 79000 | C29: 4800 | D29: 0
A30: 1955 | B30: 110500 | C30: 6400 | D30: 0
A31: 1956 | B31: 96000 | C31: 5500 | D31: 0
A32: 1957 | B32: 94000 | C32: 8300 | D32: 0
A33: 1958 | B33: 84500 | C33: 4300 | D33: 0
A34: 1959 | B34: 88500 | C34: 17200 | D34: 0
A35: 1960 | B35: 87500 | C35: 20400 | D35: 0
A36: 1961 | B36: 87100 | C36: 26000 | D36: 0
... A94: 2019 | B94: 85947.097 | C94: 60254.99 | D94: 2014

Sheet serie_histo_pisci_conti
A1: Vente à la consommation, à l'export, pour le repeuplement et pour la pêche loisir, de poissons issus d'élevages en eau douce, hors étang, en France de 1950 à 2019, en tonne | L1: =HYPERLINK("#'sommaire'!A1", "Retour sommaire") -> Retour sommaire
A21: Source : Eurostat (1950-2018)- Agreste - Enquête aquaculture 2019
A24: Année | B24: Truite arc-en-ciel | C24: Truite fario | D24: Autres salmonidés... | E24: Esturgeons
A25: 1950 | B25: 1500 | C25: 0 | D25: 0 | E25: 0
A26: 1951 | B26: 1600 | C26: 0 | D26: 0 | E26: 0
A27: 1952 | B27: 1800 | C27: 0 | D27: 0 | E27: 0
A28: 1953 | B28: 2000 | C28: 0 | D28: 0 | E28: 0
A29: 1954 | B29: 2100 | C29: 0 | D29: 0 | E29: 0
A30: 1955 | B30: 2400 | C30: 0 | D30: 0 | E30: 0
A31: 1956 | B31: 2500 | C31: 0 | D31: 0 | E31: 0
A32: 1957 | B32: 2600 | C32: 0 | D32: 0 | E32: 0
A33: 1958 | B33: 2800 | C33: 0 | D33: 0 | E33: 0
A34: 1959 | B34: 3000 | C34: 0 | D34: 0 | E34: 0
A35: 1960 | B35: 3200 | C35: 0 | D35: 0 | E35: 0
A36: 1961 | B36: 3600 | C36: 0 | D36: 0 | E36: 0
... A94: 2019 | B94: 34533 | C94: 557 | D94: 427 | E94: 391

Sheet serie_histo_pisci_marine
A1: Vente à la consommation et à l'export de poissons issus d'élevages marins, en France de 1984 à 2019, en tonne | L1: =HYPERLINK("#'sommaire'!A1", "Retour sommaire") -> Retour sommaire
A24: Note : en 2006 toute les espèces ont été regroupées, en 2017 la production de maigre a été regroupée avec les autres poissons élevés en mer.
A26: Source : Eurostat (1984-2018) - Agreste - Enquête aquaculture 2019
A28: Année | B28: Bar/Loup | C28: Dorade royale | D28: Maigre | E28: Autres poissons élevés en mer
A29: 1984 | B29: 0 | C29: 5 | D29: 0 | E29: 0
A30: 1985 | B30: 70 | C30: 15 | D30: 0 | E30: 0
A31: 1986 | B31: 90 | C31: 10 | D31: 0 | E31: 0
A32: 1987 | B32: 140 | C32: 10 | D32: 0 | E32: 0
A33: 1988 | B33: 145 | C33: 170 | D33: 0 | E33: 0
A34: 1989 | B34: 250 | C34: 20 | D34: 0 | E34: 0
A35: 1990 | B35: 300 | C35: 30 | D35: 0 | E35: 0
A36: 1991 | B36: 414 | C36: 40 | D36: 0 | E36: 0
A37: 1992 | B37: 550 | C37: 100 | D37: 0 | E37: 0
A38: 1993 | B38: 1330 | C38: 329 | D38: 0 | E38: 0
A39: 1994 | B39: 2138 | C39: 1153 | D39: 0 | E39: 0
A40: 1995 | B40: 2656 | C40: 984 | D40: 0 | E40: 29
... A64: 2019 | B64: 2202 | C64: 2027 | D64: 394 | E64: 1083.635

Sheet strate_CA
A1: Entreprises par chiffre d'affaires (CA) aquacole et activité principale | H1: =HYPERLINK("#'sommaire'!A1", "Retour sommaire") -> Retour sommaire
A3: en nombre d'entreprises
A4: Tranches de CA aquacole | B4: Conchyliculture et élevage de crustacés | C4: Pisciculture en eau douce hors étang | D4: Pisciculture en étangs | E4: Pisciculture marine | F4: Culture d'algues et de cyanobactéries
A5: Moins de 5 k€ | B5: 52 | C5: 7 | D5: 65 | E5: 4 | F5: 26
A6: De 5 k€ à 10 k€ | B6: 41 | C6: 12 | D6: 22 | E6: s | F6: 14
A7: De 10 k€ à 20 k€ | B7: 113 | C7: 11 | D7: 18 | E7: s | F7: 38
A8: De 20 k€ à 30 k€ | B8: 127 | C8: 18 | D8: 10 | E8: s | F8: 18
A9: De 30 k€ à 40 k€ | B9: 120 | C9: 20 | D9: 7 | E9: s | F9: 11
A10: De 40 k€ à 50 k€ | B10: 116 | C10: 10 | D10: 7 | F10: 20
A11: De 50 k€ à 60 k€ | B11: 98 | C11: 16 | D11: s | F11: 12
A12: De 60 k€ à 70 k€ | B12: 83 | C12: 19 | D12: 11 | F12: 4
A13: De 70 k€ à 80 k€ | B13: 90 | C13: 16 | D13: 7 | E13: 3 | F13: 6
A14: De 80 k€ à 80 k€ | B14: 74 | C14: 7 | D14: s | E14: s | F14: 6
A15: De 90 k€ à 100 k€ | B15: 77 | C15: 4 | D15: s | E15: s | F15: 3
A16: De 100 k€ à 125 k€ | B16: 112 | C16: 20 | D16: 4 | E16: s | F16: 6
A17: De 125 k€ à 150 k€ | B17: 150 | C17: 15 | D17: 3 | E17: s | F17: s
A18: De 150 k€ à 200 k€ | B18: 218 | C18: 17 | D18: s | E18: s | F18: 3
A19: De 200 k€ à 250 k€ | B19: 119 | C19: 13 | D19: 10 | E19: 3 | F19: 4
A20: De 250 k€ à 300 k€ | B20: 115 | C20: 21 | D20: 8 | E20: 3 | F20: 5
A21: De 300 k€ à 400 k€ | B21: 140 | C21: 14 | D21: s | E21: s | F21: s
A22: De 400 k€ à 500 k€ | B22: 81 | C22: 15 | D22: s | F22: s
A23: De 500 k€ à 750 k€ | B23: 147 | C23: 27 | D23: 5 | E23: 5 | F23: s
A24: De 750 k€ à 1 000 k€ | B24: 69 | C24: 11 | D24: 3 | E24: s
A25: De 1 000 k€ à 1 500 k€ | B25: 51 | C25: 17 | D25: s | E25: 3
A26: De 1 500 k€ à 3 000 k€ | B26: 55 | C26: 14 | D26: s | E26: s
A27: Plus de 3 000 k€ | B27: 33 | C27: 11 | E27: 7
A28: Ensemble | B28: 2281 | C28: 335 | D28: 180 | E28: 28 | F28: 176
A29: Note : l'activité principale d'une entreprise est l'activité aquacole qui a généré le chiffre d'affaires le plus élevé en 2019.
A30: Toutes les ventes aquacoles sont comptabilisées dans le calcul du chiffre d'affaires : ventes finales et ventes entre professionnels à tout stade d'élevage, y compris ventes de naissains et de prégrossis.
A31: Tout ce qui n'est pas directement en lien avec la vente d'un produit aquacole n'est pas comptabilisé dans le CA aquacole : hébergement de loisir, service...
A33: Lecture : 218 entreprises dont l'activité principale en 2019 est la conchyliculture et l'élevage de crustacés ont un chiffre d'affaires aquacole compris entre 150 000 et 200 000 euros.
A34: Source : Agreste - Enquête aquaculture 2019

Sheet strate_ETP
A1: Entreprises par équivalent temps plein (ETP) et activité principale | G1: =HYPERLINK("#'sommaire'!A1", "Retour sommaire") -> Retour sommaire
A3: Tranches d'ETP | B3: Nombre d'entreprises | C3: Effectif cumulé | D3: ETP cumulé | E3: Chiffre d'affaires cumulé
C4: nombre de personnes | D4: nombre d'équivalent temps plein | E4: millier d'euros
A5: Conchyliculture et élevage de crustacés
A6: Moins d'1 ETP | B6: 159 | C6: 223 | D6: 71.743392 | E6: 5148.628
A7: De 1 à 2 ETP | B7: 696 | C7: 1386 | D7: 792.63963 | E7: 51954.709
A8: De 2 à 3 ETP | B8: 456 | C8: 1730 | D8: 1016.7681 | E8: 60675.291
A9: De 3 à 4 ETP | B9: 283 | C9: 1726 | D9: 921.26825 | E9: 71803.615
A10: De 4 à 5 ETP | B10: 210 | C10: 1526 | D10: 887.98628 | E10: 67308.38
A11: De 5 à 10 ETP | B11: 347 | C11: 3891 | D11: 2267.0114 | E11: 217117.67
A12: De 10 à 20 ETP | B12: 100 | C12: 3295 | D12: 1298.6922 | E12: 148092.35
A13: De 20 à 50 ETP | B13: 20 | C13: 1201 | D13: 493.67276 | E13: 64238.284
A14: Plus de 50 ETP | B14: 10 | C14: 1303 | D14: 670.92429 | E14: 91413.975
A15: Total conchyliculture | B15: 2281 | C15: 16281 | D15: 8420.7063 | E15: 777752.9
A16: Pisciculture en eau douce hors étang
A17: Moins d'1 ETP | B17: 24 | C17: 27 | D17: 10.24 | E17: 933.877
A18: De 1 à 2 ETP | B18: 112 | C18: 180 | D18: 126.24676 | E18: 8183.382
A19: De 2 à 3 ETP | B19: 61 | C19: 190 | D19: 133.61606 | E19: 13484.255
A20: De 3 à 4 ETP | B20: 40 | C20: 165 | D20: 127.46313 | E20: 15553.813
A21: De 4 à 5 ETP | B21: 25 | C21: 136 | D21: 106.10807 | E21: 11757.626
A22: De 5 à 10 ETP | B22: 52 | C22: 419 | D22: 326.52013 | E22: 49103.202
A23: De 10 à 20 ETP | B23: 11 | C23: 214 | D23: 147.03873 | E23: 20419.683
A24: De 20 à 50 ETP | B24: 7 | C24: 194 | D24: 174.95186 | E24: 31571.344
A25: Plus de 50 ETP | B25: 3 | C25: 180 | D25: 201.06039 | E25: 26935.236
A26: Total pisciculture en eau douce hors étang | B26: 335 | C26: 1705 | D26: 1353.2451 | E26: 177942.42
A27: Pisciculture en étangs
A28: Moins d'1 ETP | B28: 72 | C28: 105 | D28: 17.75 | E28: 472.44473
A29: De 1 à 2 ETP | B29: 68 | C29: 133 | D29: 76.742713 | E29: 2976.8546
A30: De 2 à 3 ETP | B30: 15 | C30: 38 | D30: 30.9 | E30: 2154.0231
A31: De 3 à 4 ETP | B31: 7 | C31: 27 | D31: 22.5 | E31: 3090.989
A32: De 4 à 5 ETP | B32: 9 | C32: 43 | D32: 36.6 | E32: 2928.7515
A33: De 5 à 20 ETP | B33: 9 | C33: 76 | D33: 68.251641 | E33: 3265.134
A34: Total pisciculture en étangs | B34: 180 | C34: 422 | D34: 252.74435 | E34: 14888.197
A35: Pisciculture marine
A36: Moins de 5 ETP | B36: 11 | C36: 33 | D36: 21.65 | E36: 9783.7755
A37: De 5 à 10 ETP | B37: 9 | C37: 89 | D37: 57.860394 | E37: 11956.447
A38: De 10 à 20 ETP | B38: 3 | C38: 49 | D38: 41.115164 | E38: 9239.346
A39: Plus de 20 ETP | B39: 5 | C39: 496 | D39: 268.64333 | E39: 46702.057
A40: Total pisciculture marine | B40: 28 | C40: 667 | D40: 389.26888 | E40: 77681.625
A41: Culture d'algues et de cyanobactéries
A42: Moins d'1 ETP | B42: 16 | C42: 17 | D42: 8.6550547 | E42: 255.1732
A43: De 1 à 2 ETP | B43: 100 | C43: 129 | D43: 105.95783 | E43: 2721.6199
A44: De 2 à 3 ETP | B44: 35 | C44: 97 | D44: 72.685996 | E44: 2800.0709
A45: De 3 à 4 ETP | B45: 14 | C45: 60 | D45: 45.785558 | E45: 1535.4529
A46: De 4 à 5 ETP | B46: 4 | C46: 21 | D46: 17.302735 | E46: 199.265
A47: De 5 à 20 ETP | B47: 7 | C47: 77 | D47: 61.684026 | E47: 1213.449
A48: Total culture d'algues et de cyanobactéries | B48: 176 | C48: 401 | D48: 312.0712 | E48: 8725.0309
A49: Note : l'activité principale d'une entreprise est l'activité aquacole qui a généré le chiffre d'affaires le plus élevé en 2019.
A50: Les ETP comprennent toutes les personnes travaillant au sein de l'entreprise aquacole : dirigeants, employés salariés et non salariés, permanents et occasionnels.
A52: Lecture : il y a 696 entreprises dont l'activité principale est la conchyliculture et qui ont entre 1 et 2 ETP en 2019. Ces 696 entreprises ont un effectif cumulé de 1386 personnes pour 793 ETP. Elles génèrent 51 955 000 euros de chiffre d'affaires cumulé.
A53: Source : Agreste - Enquête aquaculture 2019

Sheet aquaculture_transmission
A1: Projet de transmission ou de cessation d'entreprises dans les cinq prochaines années | H1: =HYPERLINK("#'sommaire'!A1", "Retour sommaire") -> Retour sommaire
A3: en nombre d'entreprises
A4: Projet de transmission | B4: Conchyliculture et élevage de crustacés | C4: Pisciculture en eau douce hors étang | D4: Pisciculture en étangs | E4: Pisciculture marine | F4: Culture d'algues et de cyanobactéries
A5: Non | B5: 1108 | C5: 142 | D5: 101 | E5: 15 | F5: 108
A6: C'est une possibilité | B6: 216 | C6: 34 | D6: 22 | E6: 3 | F6: 18
A7: Oui, mais le projet n'est pas encore défini | B7: 173 | C7: 38 | D7: 11 | E7: 1 | F7: 7
A8: Oui et j'ai entamé un projet de reprise | B8: 84 | C8: 11 | D8: 7 | F8: 5
A9: Oui et il n'y aura pas de reprise | B9: 38 | C9: 2 | D9: 4 | F9: 2
A10: Indéterminé | B10: 662 | C10: 108 | D10: 35 | E10: 9 | F10: 36
A11: Ensemble | B11: 2281 | C11: 335 | D11: 180 | E11: 28 | F11: 176
A12: Note : L'activité principale d'une entreprise est l'activité aquacole qui a généré le chiffre d'affaires le plus élevé en 2019.
A13: Source : Agreste - Enquête aquaculture 2019

Sheet conchyliculture_transmission
A1: Projet de transmission ou de cessation des entreprises conchylicoles dans les cinq prochaines années, selon l'âge du dirigeant | G1: =HYPERLINK("#'sommaire'!A1", "Retour sommaire") -> Retour sommaire
A3: en nombre d'entreprises
A4: Projet de transmission | B4: Moins de 40 ans | C4: De 40 à 55 ans | D4: Plus de 55 ans | E4: Indéterminé
A5: Non | B5: 317 | C5: 585 | D5: 205 | E5: 1
A6: C'est une possibilité | B6: 14 | C6: 107 | D6: 95
A7: Oui, mais le projet n'est pas encore défini | B7: 4 | C7: 74 | D7: 95
A8: Oui et j'ai entamé un projet de reprise | B8: 7 | C8: 24 | D8: 53
A9: Oui et il n'y aura pas de reprise | B9: 3 | C9: 13 | D9: 22
A10: Indéterminé | B10: 10 | C10: 26 | D10: 34 | E10: 592
A11: Ensemble | B11: 355 | C11: 829 | D11: 504 | E11: 593
A12: Source : Agreste - Enquête aquaculture 2019

Sheet emploi_aquaculture
A1: Emploi en aquaculture | J1: =HYPERLINK("#'sommaire'!A1", "Retour sommaire") -> Retour sommaire
A3: Activité principale | B3: Nombre d'entreprises | C3: Effectif permanent | D3: Effectif occasionnel | E3: Effectif total | F3: ETP | G3: ETP moyen par entreprise | H3: ETP médian par entreprise
B4: nombre d'entreprises | C4: nombre de personnes | D4: nombre de personnes | E4: nombre de personnes | F4: nombre d'équivalent temps plein | G4: nombre d'ETP | H4: nombre d'ETP
A5: Conchyliculture et élevage de crustacés | B5: 2281 | C5: 8640 | D5: 7641 | E5: 16281 | F5: 8420.7063 | G5: 3.6916731 | H5: 2.25
A6: Pisciculture en eau douce hors étang | B6: 335 | C6: 1415 | D6: 290 | E6: 1705 | F6: 1353.2451 | G6: 4.0395377 | H6: 2
A7: Pisciculture marine | B7: 28 | C7: 403 | D7: 264 | E7: 667 | F7: 389.26888 | G7: 13.90246 | H7: 5.4375274
A8: Pisciculture en étangs | B8: 180 | C8: 380 | D8: 42 | E8: 422 | F8: 252.74435 | G8: 1.4041353 | H8: 1
A9: Culture de spiruline | B9: 160 | C9: 274 | D9: 36 | E9: 310 | F9: 245.76578 | G9: 1.5360361 | H9: 1
A10: Culture de macro-algues | B10: 9 | C10: 51 | D10: 8 | E10: 59 | F10: 41.937812 | G10: 4.6597569 | H10: 3
A11: Culture de micro-algues | B11: 7 | C11: 29 | D11: 3 | E11: 32 | F11: 24.367615 | G11: 3.4810878 | H11: 2
A12: Ensemble | B12: 3000 | C12: 11192 | D12: 8284 | E12: 19476 | F12: 10728.036 | G12: 3.576012 | H12: 2
A13: Note : les effectifs et ETP (équivalent temps plein) de ce tableau correspondent à toutes les personnes travaillant dans les entreprises aquacoles. Sont regroupés les dirigeants, la main d'œuvre permanente salariée ou non salariée, la main d'œuvre saisonnière ou occasionnelle, quelque soit leur convention collective de rattachement. Les données collectées ne permettent pas d’identifier les salariés relevant de la Convention Collective Aquacole.
A14: L'activité principale d'une entreprise est l'activité aquacole qui a généré le chiffre d'affaires le plus élevé en 2019.
A15: Les bénévoles impliqués très ponctuellement dans la pisciculture en étang ne sont pas comptés dans les effectifs de l'entreprise.
A16: Source : Agreste - Enquête aquaculture 2019

Sheet conchyliculture_emploi
A1: Emploi en conchyliculture par région conchylicole | J1: =HYPERLINK("#'sommaire'!A1", "Retour sommaire") -> Retour sommaire
A3: Région du siège de l'entreprise | B3: Nombre d'entreprises | C3: Effectif permanent | D3: Effectif occasionnel | E3: Effectif total | F3: ETP | G3: ETP moyen par entreprise | H3: ETP médian par entreprise
B4: nombre d'entreprises | C4: nombre de personnes | D4: nombre de personnes | E4: nombre de personnes | F4: nombre d'équivalent temps plein | G4: nombre d'ETP | H4: nombre d'ETP
A5: Normandie - Mer du Nord | B5: 279 | C5: 1324 | D5: 1485 | E5: 2809 | F5: 1268.9085 | G5: 4.548059 | H5: 3.2063457
A6: Bretagne Nord | B6: 208 | C6: 1134 | D6: 1531 | E6: 2665 | F6: 1137.5793 | G6: 5.469131 | H6: 4.0350109
A7: Pays de la Loire | B7: 209 | C7: 835 | D7: 509 | E7: 1344 | F7: 799.71825 | G7: 3.8264031 | H7: 2.55
A8: Bretagne Sud | B8: 346 | C8: 1157 | D8: 562 | E8: 1719 | F8: 1109.8224 | G8: 3.2075793 | H8: 2
A9: Charente-Maritime | B9: 643 | C9: 2623 | D9: 2859 | E9: 5482 | F9: 2582.1622 | G9: 4.0158044 | H9: 2.5
A10: Arcachon-Aquitaine | B10: 215 | C10: 605 | D10: 317 | E10: 922 | F10: 600.5995 | G10: 2.793486 | H10: 2
A11: Méditerranée | B11: 381 | C11: 962 | D11: 378 | E11: 1340 | F11: 921.91624 | G11: 2.4197277 | H11: 1
A12: Ensemble | B12: 2281 | C12: 8640 | D12: 7641 | E12: 16281 | F12: 8420.7063 | G12: 3.6916731 | H12: 2.25
A13: Note : les effectifs et ETP (équivalent temps plein) de ce tableau correspondent à toutes les personnes travaillant dans les entreprises conchylicoles. Sont regroupés les dirigeants, la main d'œuvre permanente salariée ou non salariée, la main d'œuvre saisonnière ou occasionnelle, quelque soit leur convention collective de rattachement. Les données collectées ne permettent pas d’identifier les salariés relevant de la Convention Collective Aquacole.
A14: Champ : entreprises dont la majorité du chiffre d'affaires est généré par la conchyliculture et l'élevage de crustacés.
A15: Source : Agreste - Enquête aquaculture 2019

Sheet pisciculture_emploi
A1: Emploi en pisciculture par région | J1: =HYPERLINK("#'sommaire'!A1", "Retour sommaire") -> Retour sommaire
A3: Région du siège de l'entreprise | B3: Nombre d'entreprises | C3: Effectif permanent | D3: Effectif occasionnel | E3: Effectif total | F3: ETP | G3: ETP moyen par entreprise | H3: ETP médian par entreprise
B4: nombre d'entreprises | C4: nombre de personnes | D4: nombre de personnes | E4: nombre de personnes | F4: nombre d'ETP | G4: nombre d'ETP | H4: nombre d'ETP
A5: Auvergne-Rhône-Alpes | B5: 81 | C5: 265 | D5: 47 | E5: 312 | F5: 211.03147 | G5: 2.6053267 | H5: 1
A6: Bourgogne-Franche-Comté | B6: 41 | C6: 89 | D6: 15 | E6: 104 | F6: 78.935449 | G6: 1.9252548 | H6: 1.2
A7: Bretagne | B7: 34 | C7: 152 | D7: 39 | E7: 191 | F7: 140.95766 | G7: 4.1458135 | H7: 3.125
A8: Centre-Val de Loire | B8: 39 | C8: 93 | D8: 8 | E8: 101 | F8: 71.55 | G8: 1.8346154 | H8: 1
A9: Corse | B9: 7 | C9: 17 | D9: 1 | E9: 18 | F9: 13.4 | G9: 1.9142857 | H9: 2.5
A10: Grand Est | B10: 69 | C10: 184 | D10: 8 | E10: 192 | F10: 139.4042 | G10: 2.0203507 | H10: 1.75
A11: Hauts-de-France | B11: 30 | C11: 268 | D11: 175 | E11: 443 | F11: 237.99726 | G11: 7.9332422 | H11: 3.375
A12: Île-de-France | B12: 3 | C12: 13 | D12: 0 | E12: 13 | F12: 12 | G12: 4 | H12: 2
A13: Normandie | B13: 32 | C13: 140 | D13: 34 | E13: 174 | F13: 132.79853 | G13: 4.1499542 | H13: 2.2538293
A14: Nouvelle-Aquitaine | B14: 112 | C14: 605 | D14: 135 | E14: 740 | F14: 622.62039 | G14: 5.5591107 | H14: 1.825
A15: Occitanie | B15: 57 | C15: 235 | D15: 28 | E15: 263 | F15: 203.44834 | G15: 3.5692691 | H15: 1.5
A16: Pays de la Loire | B16: 20 | C16: 71 | D16: 98 | E16: 169 | F16: 71.905011 | G16: 3.5952505 | H16: 1.34
... A18: Ensemble | B18: 543 | C18: 2198 | D18: 596 | E18: 2794 | F18: 1995.2584 | G18: 3.674509 | H18: 1.75
A19: Note : les effectifs et ETP de ce tableau correspondent à toutes les personnes travaillant dans les entreprises piscicoles. Sont regroupés les dirigeants, la main d'œuvre permanente salariée ou non salariée, la main d'œuvre saisonnière ou occasionnelle, quelque soit leur convention collective de rattachement. Les données collectées ne permettent pas d’identifier les salariés relevant de la Convention Collective Aquacole.
A20: Les bénévoles impliqués très ponctuellement dans la pisciculture en étang ne sont pas comptés dans les effectifs de l'entreprise.
A21: Champ : entreprises dont la majorité du chiffre d'affaires est généré par la pisciculture.
A22: Source : Agreste - Enquête aquaculture 2019

Sheet algoculture_emploi
A1: Emploi en culture d'algues et de cyanobactéries par région | J1: =HYPERLINK("#'sommaire'!A1", "Retour sommaire") -> Retour sommaire
A3: Région du siège de l'entreprise | B3: Nombre d'entreprises | C3: Effectif permanent | D3: Effectif occasionnel | E3: Effectif total | F3: ETP | G3: ETP moyen par entreprise | H3: ETP médian par entreprise
B4: nombre d'entreprises | C4: nombre de personnes | D4: nombre de personnes | E4: nombre de personnes | F4: nombre d'ETP | G4: nombre d'ETP | H4: nombre d'ETP
A5: Auvergne-Rhône-Alpes | B5: 22 | C5: 35 | D5: 4 | E5: 39 | F5: 35.375164 | G5: 1.607962 | H5: 1.425
A6: Bretagne | B6: 17 | C6: 80 | D6: 13 | E6: 93 | F6: 61.005427 | G6: 3.5885545 | H6: 2
A7: Grand Est + Bourgogne-Franche-Comté | B7: 4 | C7: 8 | D7: 5 | E7: 13 | F7: 8.1750547 | G7: 2.0437637 | H7: 1.5875274
A8: Hauts-de-France + Normandie | B8: 9 | C8: 19 | D8: 2 | E8: 21 | F8: 16.578009 | G8: 1.842001 | H8: 1.8752735
A9: Nouvelle-Aquitaine | B9: 23 | C9: 36 | D9: 2 | E9: 38 | F9: 34.94256 | G9: 1.5192417 | H9: 1
A10: Occitanie | B10: 39 | C10: 51 | D10: 5 | E10: 56 | F10: 46.1 | G10: 1.1820513 | H10: 1
A11: Pays de la Loire + Centre-Val de Loire | B11: 16 | C11: 42 | D11: 5 | E11: 47 | F11: 31.051532 | G11: 1.9407207 | H11: 1.5
A12: Provence-Alpes-Côte d'Azur + Corse | B12: 46 | C12: 83 | D12: 11 | E12: 94 | F12: 78.843457 | G12: 1.7139882 | H12: 1
A13: Ensemble | B13: 176 | C13: 354 | D13: 47 | E13: 401 | F13: 312.0712 | G13: 1.7731318 | H13: 1
A14: Note : les effectifs et ETP de ce tableau correspondent à toutes les personnes travaillant dans les entreprises de culture d'algues et cyanobactéries. Sont regroupés les dirigeants, la main d'œuvre permanente salariée ou non salariée, la main d'œuvre saisonnière ou occasionnelle, quelque soit leur convention collective de rattachement. Les données collectées ne permettent pas d’identifier les salariés relevant de la Convention Collective Aquacole.
A15: Champ : entreprises dont la majorité du chiffre d'affaires est généré par la culture d'algues et de cyanobactéries.
A16: Source : Agreste - Enquête aquaculture 2019

Sheet emploi_femmes
A1: Part des femmes dans les entreprises aquacoles | G1: =HYPERLINK("#'sommaire'!A1", "Retour sommaire") -> Retour sommaire
A3: en %
A4: Activité principale | B4: Proportion de femmes parmi les dirigeants | C4: Proportion de femmes parmi les employés permanents | D4: Proportion de femmes parmi les employés occasionnels | E4: Proportion de femmes dans les ETP de l'entreprise
A5: Conchyliculture et élevage de crustacés | B5: 16.261204 | C5: 32.124728 | D5: 38.254155 | E5: 27.096814
A6: Pisciculture en eau douce hors étang | B6: 20.967742 | C6: 23.649337 | D6: 34.827586 | E6: 22.883331
A7: Pisciculture en étangs | B7: 16 | C7: 18.064516 | D7: 9.5238095 | E7: 16.323679
A8: Pisciculture marine | B8: 23.684211 | C8: 28.767123 | D8: 31.060606 | E8: 27.735184
A9: Culture de macro-algues | B9: 28.571429 | C9: 48.648649 | D9: 37.5 | E9: 46.327896
A10: Culture de micro-algues | B10: 11.111111 | C10: 35 | D10: 33.333333 | E10: 25.171965
A11: Culture de spiruline | B11: 29.70297 | C11: 34.722222 | D11: 33.333333 | E11: 31.836364
A12: Source : Agreste - Enquête aquaculture 2019

Sheet emploi_age_dirigeant
A1: Dirigeants des entreprises aquacoles par âge et par activité principale de l'entreprise | H1: =HYPERLINK("#'sommaire'!A1", "Retour sommaire") -> Retour sommaire
A3: en nombre de dirigeants
A4: Classe d'âge | B4: Conchyliculture et élevage de crustacés | C4: Pisciculture en eau douce hors étang | D4: Pisciculture en étangs | E4: Pisciculture marine | F4: Culture d'algues et de cyanobactéries
A5: Moins de 20 ans | B5: 4
A6: De 20 à 25 ans | B6: 32 | C6: 4 | D6: 2
A7: De 25 à 30 ans | B7: 100 | C7: 7 | D7: 3 | F7: 6
A8: De 30 à 35 ans | B8: 213 | C8: 23 | D8: 6 | E8: 2 | F8: 31
A9: De 35 à 40 ans | B9: 222 | C9: 40 | D9: 12 | E9: 2 | F9: 30
A10: De 40 à 45 ans | B10: 240 | C10: 36 | D10: 17 | E10: 1 | F10: 35
A11: De 45 à 50 ans | B11: 398 | C11: 44 | D11: 27 | E11: 5 | F11: 23
A12: De 50 à 55 ans | B12: 431 | C12: 48 | D12: 28 | E12: 3 | F12: 24
A13: De 55 à 60 ans | B13: 333 | C13: 59 | D13: 34 | E13: 5 | F13: 22
A14: De 60 à 65 ans | B14: 194 | C14: 32 | D14: 25 | E14: 4 | F14: 16
A15: De 60 à 70 ans | B15: 92 | C15: 18 | D15: 12 | E15: 1 | F15: 2
A16: Plus de 70 ans | B16: 53 | C16: 14 | D16: 28 | E16: 1 | F16: 5
A17: Indéterminé (non réponse) | B17: 817 | C17: 109 | D17: 31 | E17: 14 | F17: 31
A18: Ensemble | B18: 3129 | C18: 434 | D18: 225 | E18: 38 | F18: 225
A19: Note : L'activité principale d'une entreprise est l'activité aquacole qui a généré le chiffre d'affaires le plus élevé en 2019.
A20: Source : Agreste - Enquête aquaculture 2019

Sheet emploi_diplome_dirigeant
A1: Dirigeants des entreprises aquacoles par diplôme et par activité principale de l'entreprise | H1: =HYPERLINK("#'sommaire'!A1", "Retour sommaire") -> Retour sommaire
A3: en nombre de dirigeants
A4: Diplôme | B4: Conchyliculture et élevage de crustacés | C4: Pisciculture en eau douce hors étang | D4: Pisciculture en étangs | E4: Pisciculture marine | F4: Culture d'algues et de cyanobactéries
A5: Diplôme toute filière confondue
A6: Aucun diplôme | B6: 400 | C6: 43 | D6: 24 | E6: 0 | F6: 10
A7: CAP BEP | B7: 771 | C7: 62 | D7: 35 | E7: 2 | F7: 20
A8: Bac | B8: 701 | C8: 56 | D8: 37 | E8: 5 | F8: 31
A9: Bac + 2 | B9: 248 | C9: 82 | D9: 44 | E9: 4 | F9: 53
A10: Licence et plus | B10: 187 | C10: 82 | D10: 54 | E10: 13 | F10: 80
A11: Indéterminé | B11: 822 | C11: 109 | D11: 31 | E11: 14 | F11: 31
A12: Ensemble | B12: 3129 | C12: 434 | D12: 225 | E12: 38 | F12: 225
A13: Note : L'activité principale d'une entreprise est l'activité aquacole qui a généré le chiffre d'affaires le plus élevé en 2019.
A14: Source : Agreste - Enquête aquaculture 2019

Sheet nouveau_dirigeants
A1: Nouveaux dirigeants en 2019 selon l'activité principale de l'entreprise | J1: =HYPERLINK("#'sommaire'!A1", "Retour sommaire") -> Retour sommaire
A3: en nombre de dirigeants
A4: Nouveau dirigeant en 2019 | B4: Âge du dirigeant | C4: Diplôme du dirigeant | D4: Conchyliculture et élevage de crustacés | E4: Pisciculture en eau douce hors étang | F4: Pisciculture marine | G4: Pisciculture en étangs | H4: Culture d'algues et de cyanobactéries
A5: Non | B5: Tous | C5: Tous | D5: 2248 | E5: 313 | F5: 23 | G5: 191 | H5: 181
A6: Oui | B6: Moins de 40 ans | C6: CAP BEP Bac | D6: 19 | E6: 6 | F6: 1 | G6: 0 | H6: 0
A7: Oui | B7: Moins de 40 ans | C7: Bac + 2, licence et plus | D7: 12 | E7: s | F7: s | G7: 0 | H7: 5
A8: Oui | B8: Plus de 40 ans | C8: Sans diplôme qualifiant | D8: 9 | E8: 3 | F8: s | G8: 0 | H8: 0
A9: Oui | B9: Plus de 40 ans | C9: CAP BEP Bac | D9: 16 | E9: s | F9: s | G9: 3 | H9: 3
A10: Oui | B10: Plus de 40 ans | C10: Bac + 2, licence et plus | D10: 12 | E10: 4 | F10: s | G10: 0 | H10: 5
A11: Indéterminé | B11: Tous | C11: Tous | D11: 813 | E11: 109 | F11: 14 | G11: 31 | H11: 31
A12: Ensemble | D12: 3129 | E12: 434 | F12: 38 | G12: 225 | H12: 225
A13: Note : L'activité principale d'une entreprise est l'activité aquacole qui a généré le chiffre d'affaires le plus élevé en 2019.
A14: Source : Agreste - Enquête aquaculture 2019

Sheet conchyliculture_france
A1: Ventes entre professionnels et pour la consommation en conchyliculture en 2019, par espèce, hors écloserie / nurserie (naissains) | I1: =HYPERLINK("#'sommaire'!A1", "Retour sommaire") -> Retour sommaire
A3: Espèce | B3: Stade d'élevage | C3: Destination | D3: Entreprises avec des ventes | E3: Volume | F3: Valeur | G3: Prix unitaire
D4: nombre d'entreprises | E4: tonne | F4: millier d'€ | G4: € / kg
A5: Huître creuse | B5: Adulte | C5: Consommateur | D5: 1628 | E5: 84759.542 | F5: 391126.95 | G5: 4.6145477
A6: Huître creuse | B6: Adulte | C6: Autre conchyliculteur | D6: 874 | E6: 46851.473 | F6: 145790.27 | G6: 3.1117543
A7: Huître creuse | B7: Demi-élevage (2 ans) | C7: Autre conchyliculteur | D7: 100 | E7: 3603.178 | F7: 13646.868 | G7: 3.7874532
A8: Huître creuse | B8: Prégrossissement (18 mois) | C8: Autre conchyliculteur | D8: 163 | E8: 3261.744 | F8: 10003.829 | G8: 3.0670184
A9: Huître plate | B9: Adulte | C9: Consommateur | D9: 151 | E9: 1187.555 | F9: 7171.5366 | G9: 6.038909
A10: Huître plate | B10: Adulte | C10: Autre conchyliculteur | D10: 22 | E10: 98.349 | F10: 642.0454 | G10: 6.5282352
A11: Huître plate | B11: Demi-élevage (2 ans) | C11: Autre conchyliculteur | D11: 4 | E11: 48.1 | F11: 361.837 | G11: 7.5225988
A12: Huître plate | B12: Prégrossissement (18 mois) | C12: Autre conchyliculteur | D12: 3 | E12: 84.954 | F12: 476.566 | G12: 5.6096947
A13: Moule edulis | B13: Adulte | C13: Consommateur | D13: 424 | E13: 54207.836 | F13: 123382.92 | G13: 2.2761086
A14: Moule edulis | B14: Adulte | C14: Autre conchyliculteur | D14: 120 | E14: 9216.3613 | F14: 16466.568 | G14: 1.7866669
A15: Moule edulis | B15: Prégrossissement | C15: Autre conchyliculteur | D15: 30 | E15: 2241.071 | F15: 3617.255 | G15: 1.6140743
A16: Moule galloprovincialis | B16: Adulte | C16: Consommateur | D16: 170 | E16: 6047.1535 | F16: 10322.298 | G16: 1.7069681
... A25: Autres coquillages dont ormeau | B25: Prégrossissement | C25: Autre conchyliculteur | D25: 4 | E25: 122.48 | F25: 256.564 | G25: 2.094742
A26: Note : une entreprise qui produit plusieurs espèces ou qui vend des adultes et des prégrossis sera comptée plusieurs fois.
A27: Les ventes pour la consommation sont les premières ventes des coquillages après marquage sanitaire. Les ventes entre professionnels sont des ventes de coquillages non marqués sanitairement.
A29: Lecture : 1 628 entreprises ont produit et vendu des huîtres creuses de taille marchande en vente finale, pour un volume de 84 760 tonnes.
A31: Source : Agreste - Enquête aquaculture 2019

Sheet conchyliculture_region
A1: Ventes entre professionnels et pour la consommation en conchyliculture en 2019, par région du siège de l'entreprise, par espèce, hors écloserie / nurserie (naissain) | I1: =HYPERLINK("#'sommaire'!A1", "Retour sommaire") -> Retour sommaire
A3: Espèce | B3: Stade d'élevage | C3: Destination | D3: Entreprises avec des ventes | E3: Volume | F3: Valeur | G3: Prix unitaire
D4: nombre d'entreprises | E4: tonne | F4: millier d'€ | G4: € / kg
A5: Normandie - Mer du Nord
A6: Huîtres | B6: Adulte | C6: Consommateur | D6: 149 | E6: 10906.918 | F6: 42939.595 | G6: 3.9369138
A7: Huîtres | B7: Adulte | C7: Autre conchyliculteur | D7: 170 | E7: 10850.837 | F7: 34210.254 | G7: 3.1527755
A8: Huîtres | B8: Demi-élevage (2 ans) | C8: Autre conchyliculteur | D8: 38 | E8: 1234.571 | F8: 2335.895 | G8: 1.8920702
A9: Huîtres | B9: Prégrossissement (18 mois) | C9: Autre conchyliculteur | D9: 29 | E9: 1418.613 | F9: 4679.683 | G9: 3.2987735
A10: Moules | B10: Adulte | C10: Consommateur | D10: 78 | E10: 10789.015 | F10: 20974.564 | G10: 1.9440667
A11: Moules | B11: Adulte | C11: Autre conchyliculteur | D11: 44 | E11: 3077.5494 | F11: 4953.6113 | G11: 1.609596
A12: Moules | B12: Prégrossissement | C12: Autre conchyliculteur | D12: 4 | E12: 275.08 | F12: 485.113 | G12: 1.7635342
A13: Autres coquillages dont coque, palourde, ormeau | B13: Adulte | C13: Consommateur | D13: 2 | E13: s | F13: s | G13: s
A14: Autres coquillages dont coque, palourde, ormeau | B14: Adulte | C14: Autre conchyliculteur | D14: 5 | E14: 94.606 | F14: 445.78 | G14: 4.7119633
A15: Autres coquillages dont coque, palourde, ormeau | B15: Prégrossissement | C15: Autre conchyliculteur | D15: 1 | E15: s | F15: s | G15: s
A16: Bretagne Nord
A17: Huîtres | B17: Adulte | C17: Consommateur | D17: 137 | E17: 12642.923 | F17: 54166.85 | G17: 4.2843612
A18: Huîtres | B18: Adulte | C18: Autre conchyliculteur | D18: 55 | E18: 5244.4358 | F18: 15543.671 | G18: 2.9638405
A19: Huîtres | B19: Demi-élevage (2 ans) | C19: Autre conchyliculteur | D19: 8 | E19: 130.161 | F19: 492.304 | G19: 3.7822697
A20: Huîtres | B20: Prégrossissement (18 mois) | C20: Autre conchyliculteur | D20: 10 | E20: s | F20: s | G20: s
A21: Moules | B21: Adulte | C21: Consommateur | D21: 96 | E21: 23784.237 | F21: 55727.166 | G21: 2.3430294
A22: Moules | B22: Adulte | C22: Autre conchyliculteur | D22: 14 | E22: 1845.0516 | F22: 3634.0788 | G22: 1.9696353
A23: Moules | B23: Prégrossissement | C23: Autre conchyliculteur | D23: 1 | E23: s | F23: s | G23: s
A24: Autres coquillages dont coque, palourde, ormeau | B24: Adulte | C24: Consommateur | D24: 25 | E24: 242.267 | F24: 1986.643 | G24: 8.2002212
A25: Autres coquillages dont coque, palourde, ormeau | B25: Adulte | C25: Autre conchyliculteur | D25: 6 | E25: 15.988 | F25: 117.318 | G25: 7.3378784
A26: Bretagne Sud
A27: Huîtres | B27: Adulte | C27: Consommateur | D27: 297 | E27: 10166.257 | F27: 45956.237 | G27: 4.5204678
A28: Huîtres | B28: Adulte | C28: Autre conchyliculteur | D28: 131 | E28: 6955.913 | F28: 19267.911 | G28: 2.7700046
A29: Huîtres | B29: Demi-élevage (2 ans) | C29: Autre conchyliculteur | D29: 9 | E29: 131.741 | F29: 316.776 | G29: 2.4045362
A30: Huîtres | B30: Prégrossissement (18 mois) | C30: Autre conchyliculteur | D30: 15 | E30: 67.792 | F30: 137.16 | G30: 2.0232476
A31: Moules | B31: Adulte | C31: Consommateur | D31: 91 | E31: 6186.1 | F31: 14409.168 | G31: 2.3292815
A32: Moules | B32: Adulte | C32: Autre conchyliculteur | D32: 32 | E32: 1507.094 | F32: 2793.274 | G32: 1.8534172
A33: Moules | B33: Prégrossissement | C33: Autre conchyliculteur | D33: 14 | E33: 760.25 | F33: 1131.05 | G33: 1.4877343
A34: Autres coquillages dont coque, palourde, ormeau | B34: Adulte | C34: Consommateur | D34: 137 | E34: 1554.745 | F34: 6678.144 | G34: 4.2953307
A35: Autres coquillages dont coque, palourde, ormeau | B35: Adulte | C35: Autre conchyliculteur | D35: 46 | E35: 2313.2078 | F35: 7993.0222 | G35: 3.4553844
A36: Autres coquillages dont coque, palourde, ormeau | B36: Prégrossissement | C36: Autre conchyliculteur | D36: 1 | E36: s | F36: s | G36: s
A37: Pays de la Loire
A38: Huîtres | B38: Adulte | C38: Consommateur | D38: 167 | E38: 6612.4685 | F38: 27241.368 | G38: 4.1196973
A39: Huîtres | B39: Adulte | C39: Autre conchyliculteur | D39: 84 | E39: 3291.9415 | F39: 7818.7886 | G39: 2.3751299
A40: Huîtres | B40: Demi-élevage (2 ans) | C40: Autre conchyliculteur | D40: 8 | E40: 355.288 | F40: 940.701 | G40: 2.647714
A41: Huîtres | B41: Prégrossissement (18 mois) | C41: Autre conchyliculteur | D41: 10 | E41: s | F41: s | G41: s
A42: Moules | B42: Adulte | C42: Consommateur | D42: 52 | E42: 5017.033 | F42: 12488.8 | G42: 2.48928
A43: Moules | B43: Adulte | C43: Autre conchyliculteur | D43: 14 | E43: 795.03 | F43: 1612.74 | G43: 2.0285272
A44: Moules | B44: Prégrossissement | C44: Autre conchyliculteur | D44: 5 | E44: 311.741 | F44: 886.814 | G44: 2.844714
A45: Autres coquillages dont coque, palourde, ormeau | B45: Adulte | C45: Consommateur | D45: 60 | E45: 57.935 | F45: 366.066 | G45: 6.3185639
A46: Autres coquillages dont coque, palourde, ormeau | B46: Adulte | C46: Autre conchyliculteur | D46: 4 | E46: 8.3 | F46: 49.5 | G46: 5.9638554
A47: Autres coquillages dont coque, palourde, ormeau | B47: Prégrossissement | C47: Autre conchyliculteur | D47: 1 | E47: s | F47: s | G47: s
A48: Charente-Maritime
A49: Huîtres | B49: Adulte | C49: Consommateur | D49: 487 | E49: 35124.318 | F49: 176372.18 | G49: 5.0213695
A50: Huîtres | B50: Adulte | C50: Autre conchyliculteur | D50: 266 | E50: 17342.116 | F50: 59962.216 | G50: 3.4576067
A51: Huîtres | B51: Demi-élevage (2 ans) | C51: Autre conchyliculteur | D51: 24 | E51: 1753.825 | F51: 9791.234 | G51: 5.5827885
A52: Huîtres | B52: Prégrossissement (18 mois) | C52: Autre conchyliculteur | D52: 64 | E52: 524.063 | F52: 1404.699 | G52: 2.680401
A53: Moules | B53: Adulte | C53: Consommateur | D53: 85 | E53: 8006.5157 | F53: 18946.478 | G53: 2.3663824
A54: Moules | B54: Adulte | C54: Autre conchyliculteur | D54: 20 | E54: 2059.2362 | F54: 3598.1947 | G54: 1.7473443
A55: Moules | B55: Prégrossissement | C55: Autre conchyliculteur | D55: 5 | E55: 498 | F55: 179.105 | G55: 0.35964859
A56: Autres coquillages dont coque, palourde, ormeau | B56: Adulte | C56: Consommateur | D56: 27 | E56: 63.425 | F56: 461.586 | G56: 7.2776665
A57: Autres coquillages dont coque, palourde, ormeau | B57: Adulte | C57: Autre conchyliculteur | D57: 4 | E57: 22 | F57: 146 | G57: 6.6363636
A58: Autres coquillages dont coque, palourde, ormeau | B58: Prégrossissement | C58: Autre conchyliculteur | D58: 3 | E58: 92.48 | F58: 166.564 | G58: 1.8010813
A59: Arcachon-Aquitaine
A60: Huîtres | B60: Adulte | C60: Consommateur | D60: 201 | E60: 5307.202 | F60: 26575.212 | G60: 5.0073866
A61: Huîtres | B61: Adulte | C61: Autre conchyliculteur | D61: 36 | E61: 356.942 | F61: 1256.295 | G61: 3.5196054
A62: Huîtres | B62: Demi-élevage (2 ans) | C62: Autre conchyliculteur | D62: 9 | E62: 18.58 | F62: 36.58 | G62: 1.9687836
A63: Huîtres | B63: Prégrossissement (18 mois) | C63: Autre conchyliculteur | D63: 16 | E63: 51.928 | F63: 170.336 | G63: 3.2802342
A64: Autres coquillages dont coque, palourde, ormeau | B64: Adulte | C64: Consommateur | D64: 3 | E64: s | F64: s | G64: s
A65: Méditerranée
A66: Huîtres | B66: Adulte | C66: Consommateur | D66: 341 | E66: 5187.0103 | F66: 25047.043 | G66: 4.8288016
A67: Huîtres | B67: Adulte | C67: Autre conchyliculteur | D67: 154 | E67: 2907.6367 | F67: 8373.1808 | G67: 2.8797204
A68: Huîtres | B68: Demi-élevage (2 ans) | C68: Autre conchyliculteur | D68: 8 | E68: 27.112 | F68: 95.215 | G68: 3.5119135
A69: Huîtres | B69: Prégrossissement (18 mois) | C69: Autre conchyliculteur | D69: 22 | E69: 186.123 | F69: 830.101 | G69: 4.4599593
A70: Moules | B70: Adulte | C70: Consommateur | D70: 192 | E70: 6472.0895 | F70: 11159.046 | G70: 1.7241798
A71: Moules | B71: Adulte | C71: Autre conchyliculteur | D71: 59 | E71: 1164.9365 | F71: 2119.4577 | G71: 1.8193762
A72: Moules | B72: Prégrossissement | C72: Autre conchyliculteur | D72: 8 | E72: 73.15 | F72: 64.612 | G72: 0.88328093
A73: Autres coquillages dont coque, palourde, ormeau | B73: Adulte | C73: Consommateur | D73: 21 | E73: 17.08 | F73: 160.82 | G73: 9.4156909
A74: Autres coquillages dont coque, palourde, ormeau | B74: Adulte | C74: Autre conchyliculteur | D74: 5 | E74: s | F74: s | G74: s
A75: Note : une entreprise qui produit plusieurs espèces sera comptée plusieurs fois.
A76: Toutes les ventes sont indiquées au siège social de l'entreprise même si l'entreprise a vendu des coquillages produits (par elle ou d'autres entreprises) dans d'autres régions.
A77: Les ventes pour la consommation sont les premières ventes des coquillages après marquage sanitaire. Les ventes entre professionnels sont des ventes de coquillages non marqués sanitairement.
A79: Lecture : 149 entreprises dont le siège est en région `Normandie - Mer du Nord` ont produit et vendu des huîtres de taille marchande en vente finale pour un volume de 10 907 tonnes.
A80: Source : Agreste - Enquête aquaculture 2019

Sheet conchyliculture_mode_elevage
A1: Ventes en conchyliculture par espèce, mode d'élevage et destination en 2019 (hors naissain) | I1: =HYPERLINK("#'sommaire'!A1", "Retour sommaire") -> Retour sommaire
A3: Espèce | B3: Mode d'élevage | C3: Destination | D3: Entreprises avec des ventes | E3: Volume | F3: Valeur | G3: Prix unitaire
D4: nombre d'entreprises | E4: tonne | F4: millier d'€ | G4: € / kg
A5: Huître creuse | B5: Terrain découvrant : tables sur estran... | C5: consommateur | D5: 1185 | E5: 64282.583 | F5: 287515.76 | G5: 4.4726852
A6: Huître creuse | B6: Terrain découvrant : tables sur estran... | C6: professionnel | D6: 670 | E6: 37997.753 | F6: 119650.06 | G6: 3.148872
A7: Huître creuse | B7: Terrain découvrant : à plat | C7: consommateur | D7: 75 | E7: 3187.082 | F7: 19012.336 | G7: 5.9654367
A8: Huître creuse | B8: Terrain découvrant : à plat | C8: professionnel | D8: 27 | E8: 2199.494 | F8: 6177.706 | G8: 2.8086942
A9: Huître creuse | B9: Terrain non découvrant : eau semi-profonde ou profonde, à plat au sol ou en cage, tables... | C9: consommateur | D9: 54 | E9: 3077.2955 | F9: 12297.03 | G9: 3.9960511
A10: Huître creuse | B10: Terrain non découvrant : eau semi-profonde ou profonde, à plat au sol ou en cage, tables... | C10: professionnel | D10: 17 | E10: 1870.1925 | F10: 5042.616 | G10: 2.6963085
A11: Huître creuse | B11: Elevage ou pousse en claires | C11: consommateur | D11: 125 | E11: 7934.762 | F11: 41208.737 | G11: 5.1934434
A12: Huître creuse | B12: Elevage ou pousse en claires | C12: professionnel | D12: 42 | E12: 1651.027 | F12: 6075.641 | G12: 3.6799162
A13: Huître creuse | B13: Table méditerranéenne | C13: consommateur | D13: 314 | E13: 5852.5468 | F13: 29111.271 | G13: 4.9741202
A14: Huître creuse | B14: Table méditerranéenne | C14: professionnel | D14: 145 | E14: 3062.4722 | F14: 8552.5978 | G14: 2.7927103
A15: Huître creuse | B15: Filière | C15: consommateur | D15: 26 | E15: 425.272 | F15: 1981.814 | G15: 4.6601093
A16: Huître creuse | B16: Filière | C16: professionnel | D16: 11 | E16: 70.535 | F16: 291.653 | G16: 4.1348692
... A27: Moule edulis | B27: Terrain découvrant : autres... | C27: consommateur | D27: 28 | E27: 764.722 | F27: 2117.715 | G27: 2.7692612
A28: Moule edulis | B28: Terrain découvrant : autres... | C28: professionnel | D28: 2 | E28: s | F28: s | G28: s
A29: Moule edulis | B29: Table méditerranéenne | C29: consommateur | D29: 37 | E29: 392.0025 | F29: 1001.958 | G29: 2.555999
A30: Moule edulis | B30: Table méditerranéenne | C30: professionnel | D30: 5 | E30: 24.6 | F30: 23.2 | G30: 0.94308943
A31: Moule galloprovincialis | B31: Table méditerranéenne | C31: consommateur | D31: 140 | E31: 2145.604 | F31: 3779.306 | G31: 1.7614182
A32: Moule galloprovincialis | B32: Table méditerranéenne | C32: professionnel | D32: 40 | E32: 449.49 | F32: 605.686 | G32: 1.3474961
A33: Moule galloprovincialis | B33: Terrain découvrant (autres), filière, pieux dont bouchots et autres techniques... | C33: consommateur | D33: 35 | E33: 3901.5495 | F33: 6542.9923 | G33: 1.677024
A34: Moule galloprovincialis | B34: Terrain découvrant (autres), filière, pieux dont bouchots et autres techniques... | C34: professionnel | D34: 24 | E34: 783.0465 | F34: 1639.1027 | G34: 2.093238
A35: Palourde | B35: Technique non définie | C35: consommateur | D35: 151 | E35: 632.908 | F35: 4782.966 | G35: 7.5571268
A36: Palourde | B36: Technique non définie | C36: professionnel | D36: 40 | E36: 524.6923 | F36: 3556.4357 | G36: 6.7781359
A37: Coque | B37: Technique non définie | C37: consommateur | D37: 55 | E37: 1177.44 | F37: 3527.877 | G37: 2.9962266
A38: Coque et autres coquillages dont ormeau | B38: Technique non définie | C38: professionnel | D38: 30 | E38: 1943.1545 | F38: 5214.5165 | G38: 2.6835316
A39: Autres coquillages dont ormeau | B39: Technique non définie | C39: consommateur | D39: 69 | E39: 135.332 | F39: 1402.132 | G39: 10.360683
A40: Note : une entreprise qui produit plusieurs espèces ou utilisent plusieurs modes d'élevage sera comptée plusieurs fois.
A41: Les ventes pour la consommation sont les premières ventes des coquillages après marquage sanitaire. Les ventes entre professionnels sont des ventes de coquillages non marqués sanitairement.
A42: Source : Agreste - Enquête aquaculture 2019

Sheet conchyliculture_ecloserie
A1: Production de naissains d'écloserie en 2019, par espèce | G1: =HYPERLINK("#'sommaire'!A1", "Retour sommaire") -> Retour sommaire
A3: Espèce | B3: Entreprises vendant des naissains d'écloserie | C3: Quantité vendue | D3: Valeur | E3: Prix au mille
B4: nombre d'entreprises | C4: millions | D4: millier d'€ | E4: € / mille
A5: Huître creuse | B5: 16 | C5: 2135.7534 | D5: 19633.652 | E5: 9.1928461
A6: Autres coquillages : palourde, huître plate, coquille saint jacques, pétoncle | B6: 7 | C6: 719.84401 | D6: 5002.7058 | E6: 6.9497081
A7: Ensemble | B7: 19 | C7: =C5+C6 -> 2855.5974 | D7: =D5+D6 -> 24636.358 | E7: =D7/C7 -> 8.627392
A8: Note : les entreprises vendant des naissains issus d'écloserie sont essentiellement les écloseries/nurseries mais également quelques nurseries qui achètent des naissains aux écloseries, les font grandir avant de revendre aux conchylicteurs à la taille souhaitée.
A10: Source : Agreste - Enquête aquaculture 2019

Sheet conchyliculture_captage
A1: Production de naissains de captage en 2019, par espèce | H1: =HYPERLINK("#'sommaire'!A1", "Retour sommaire") -> Retour sommaire
A3: Espèce | B3: Entreprises productrices | C3: Volume capté et utilisé par l'entreprise | D3: Volume capté et vendu | E3: Valeur | F3: Prix unitaire
B4: nombre d'entreprises | C4: tonnes | D4: tonnes | E4: millier d'€ | F4: € / kg
A5: Huître creuse | B5: 804 | C5: 2874.9293 | D5: 277.02011 | E5: 3866.2761 | F5: 13.956662
A6: Huître plate | B6: 23 | C6: 80.1634 | D6: 5.7002 | E6: 73.902 | F6: 12.964808
A7: Moule edulis | B7: 194 | C7: 879.3935 | D7: 622.387 | E7: 3114.64 | F7: 5.0043462
A8: Moule galloprovincialis | B8: 65 | C8: 305.807 | D8: 131.378 | E8: 374.369 | F8: 2.8495562
A9: Palourde | B9: s | C9: s | D9: s | E9: s | F9: s
A10: Note : coefficients utilisés :
A11: - huîtres : 1 million de naissains = 0.25 tonnes
A12: - moules : 1 km de cordes de naissains = 0.15 tonnes
A13: Source : Agreste - Enquête aquaculture 2019

Sheet conchyliculture_affinage
A1: Ventes à la consommation d'huîtres affinées en claires et en parcs | F1: =HYPERLINK("#'sommaire'!A1", "Retour sommaire") -> Retour sommaire
A3: en tonnes
A4: Région du siège de l'entreprise | B4: Volume d'huîtres affinées en claires | C4: Volume d'huîtres affinées en parcs | D4: Volume d'huîtres vendus sous marquage sanitaire
A5: Normandie - Mer du Nord | B5: s | C5: 2692.9542 | D5: 10906.918
A6: Bretagne Nord | B6: 270.75 | C6: 1201.1754 | D6: 12642.923
A7: Bretagne Sud | B7: s | C7: 5106.182 | D7: 10166.257
A8: Pays de la Loire | B8: 1219.5186 | C8: 208.3176 | D8: 6612.4685
A9: Charente-Maritime | B9: 19376.429 | C9: 3651.3182 | D9: 35124.318
A10: Arcachon-Aquitaine | B10: 109.5 | C10: 2445.632 | D10: 5307.202
A11: Méditerranée | B11: 56.635 | C11: 771.03747 | D11: 5187.0103
A12: Total | B12: 21043.661 | C12: 16076.617 | D12: =SUM(D5:D11) -> 85947.097
A13: Source : Agreste - Enquête aquaculture 2019

Sheet conchy_claires_repartition
A1: Répartition des entreprises suivant la part (en volume) des ventes d'huitres affinées en claires | I1: =HYPERLINK("#'sommaire'!A1", "Retour sommaire") -> Retour sommaire
A3: en nombre d'entreprises
A4: Région du siège de l'entreprise | B4: A - Pas d'affinage en claires | C4: B - 0 à 25% d'affinage en claires | D4: C - 25 à 50% d'affinage en claires | E4: D - 50 à 75% d'affinage en claires | F4: E - 75 à 100% d'affinage en claires | G4: Total
A5: Normandie - Mer du Nord | B5: 149 | C5: 0 | D5: 0 | E5: 0 | F5: 0 | G5: 149
A6: Bretagne Nord | B6: 133 | C6: 0 | D6: 0 | E6: 4 | F6: 0 | G6: 137
A7: Bretagne Sud | B7: 297 | C7: 0 | D7: 0 | E7: 0 | F7: 0 | G7: 297
A8: Pays de la Loire | B8: 121 | C8: 19 | D8: 6 | E8: 7 | F8: 14 | G8: 167
A9: Charente-Maritime | B9: 232 | C9: 24 | D9: 31 | E9: 51 | F9: 153 | G9: 491
A10: Arcachon-Aquitaine | B10: 193 | C10: 0 | D10: 8 | E10: 0 | F10: 0 | G10: 201
A11: Méditerranée | B11: 341 | C11: 0 | D11: 0 | E11: 0 | F11: 0 | G11: 341
A12: Lecture : parmi les entreprises dont le siège est en région Arcachon Aquitaine, 193 ne pratiquent pas d'affinage en claires, 8 entreprises pratiquent de l'affinage et la vente des huîtres affinées en claires représentent entre 25 et 100% des ventes totales d'huîtres en volume.
A13: Source : Agreste - Enquête aquaculture 2019

Sheet conchy_parcs_repartition
A1: Répartition des entreprises suivant la part (en volume) des ventes d'huitres affinées en parcs | I1: =HYPERLINK("#'sommaire'!A1", "Retour sommaire") -> Retour sommaire
A3: en nombre d'entreprises
A4: Région du siège de l'entreprise | B4: A - Pas d'affinage en parcs | C4: B - 0 à 25% d'affinage en parcs | D4: C - 25 à 50% d'affinage en parcs | E4: D - 50 à 75% d'affinage en parcs | F4: E - 75 à 100% d'affinage en parcs | G4: Total
A5: Normandie - Mer du Nord | B5: 106 | C5: 7 | D5: 5 | E5: 0 | F5: 31 | G5: 149
A6: Bretagne Nord | B6: 118 | C6: 0 | D6: 4 | E6: 0 | F6: 15 | G6: 137
A7: Bretagne Sud | B7: 196 | C7: 0 | D7: 8 | E7: 0 | F7: 93 | G7: 297
A8: Pays de la Loire | B8: 156 | C8: 0 | D8: 7 | E8: 0 | F8: 4 | G8: 167
A9: Charente-Maritime | B9: 359 | C9: 7 | D9: 5 | E9: 13 | F9: 107 | G9: 491
A10: Arcachon-Aquitaine | B10: 116 | C10: 7 | D10: 0 | E10: 4 | F10: 74 | G10: 201
A11: Méditerranée | B11: 286 | C11: 20 | D11: 9 | E11: 0 | F11: 26 | G11: 341
A12: Lecture : parmi les entreprises dont le siège est en région Arcachon Aquitaine, 116 ne pratiquent pas d'affinage en parcs, 11 entreprises pratiquent de l'affinage en parcs et la vente des huîtres affinées en parcs représentent entre 25 et 50% des ventes totales d'huîtres en volume pour 7 d'entre elles et entre 50 à 75% pour 4.
A13: Source : Agreste - Enquête aquaculture 2019

Sheet conchy_evenements_exception
A1: Evénements exceptionnels dans la conchyliculture et l'élevage de crustacés en 2019 | M1: =HYPERLINK("#'sommaire'!A1", "Retour sommaire") -> Retour sommaire
A3: en % du nombre d'entreprises
A4: Région du siège de l'entreprise | B4: Pas d'évènements exceptionnels | C4: Climat | D4: Lancement, redéploiement ou arrêt de l'activité | E4: Pollution | F4: Virus | G4: Prédation | H4: Mortalité | I4: Bloom d'algues, phytoplancton et malaigue | J4: Gilets jaunes | K4: Autres
A5: Normandie - Mer du Nord | B5: 82.971014 | C5: 2.8985507 | D5: 2.8985507 | E5: 1.4492754 | F5: 2.8985507 | G5: 5.4347826 | H5: 5.7971014 | I5: 0 | J5: 1.0869565 | K5: 2.8985507
A6: Bretagne Nord | B6: 86.729858 | C6: 2.3696682 | D6: 2.8436019 | E6: 0 | F6: 2.8436019 | G6: 4.2654028 | H6: 3.7914692 | I6: 0 | J6: 0 | K6: 2.3696682
A7: Bretagne Sud | B7: 79.829545 | C7: 3.125 | D7: 2.8409091 | E7: 1.4204545 | F7: 3.6931818 | G7: 4.2613636 | H7: 7.6704545 | I7: 3.125 | J7: 0.56818182 | K7: 4.5454545
A8: Pays de la Loire | B8: 82.380952 | C8: 7.1428571 | D8: 2.3809524 | E8: 1.4285714 | F8: 1.4285714 | G8: 1.4285714 | H8: 8.0952381 | I8: 0 | J8: 0 | K8: 1.9047619
A9: Charente-Maritime | B9: 92.5 | C9: 2.65625 | D9: 2.1875 | E9: 0.3125 | F9: 0.9375 | G9: 0 | H9: 2.65625 | I9: 0 | J9: 0.46875 | K9: 2.8125
A10: Arcachon-Aquitaine | B10: 88.018433 | C10: 2.764977 | D10: 0.46082949 | E10: 0 | F10: 0 | G10: 0 | H10: 2.3041475 | I10: 1.3824885 | J10: 0 | K10: 6.9124424
A11: Méditerranée | B11: 60.846561 | C11: 11.375661 | D11: 4.7619048 | E11: 0.79365079 | F11: 4.2328042 | G11: 1.3227513 | H11: 12.433862 | I11: 21.164021 | J11: 1.0582011 | K11: 6.8783069
A12: Ensemble | B12: 82.267951 | C12: 4.5971979 | D12: 2.7145359 | E12: 0.74430823 | F12: 2.2767075 | G12: 2.0577933 | H12: 5.9982487 | I12: 4.1155867 | J12: 0.52539405 | K12: 4.028021
A13: Note : plusieurs évènements peuvent avoir été déclarés par la même entreprises (total > 100 %).
A15: Lecture : parmi les entreprises dont le siège est en région Normandie - Mer du Nord, 83% ont déclaré ne pas avoir eu d'évènement exceptionnel en 2019, 3% un évènement lié au climat, 3% le lancement ou redéploiement de leur activité, 1% une pollution, 3% problèmes liés à des virus, 5% des prédations exceptionnels, 6% des mortalités exceptionnels, 1% des difficultés liées au mouvement des gilets jaunes et 3% d'autres évènements exceptionnels.
A16: Source : Agreste - Enquête aquaculture 2019

Sheet conchyliculture_origine
A1: Volumes de coquillages vendus à la consommation selon l'origine des produits | J1: =HYPERLINK("#'sommaire'!A1", "Retour sommaire") -> Retour sommaire
A3: En tonne
A4: Origine | B4: Huître creuse | C4: Huître plate | D4: Moule edulis | E4: Moule galloprovincialis | F4: Coque | G4: Palourde | H4: Autres coquillages
A5: Gisement naturel | B5: 10284.324 | C5: 27.7799 | D5: 3039.335 | E5: 1631.8834 | F5: 1103.84 | G5: 211.113
A6: Captage | B6: 35300.919 | C6: 866.2842 | D6: 48385.054 | E6: 1132.4811 | G6: 14.9962
A7: Ecloserie diploïde | B7: 11089.73 | C7: 27.3658
A8: Ecloserie triploïde | B8: 22953.623
A9: Autre | B9: 1312.1306 | C9: 108.3391 | D9: 455.466 | E9: 2964.3655 | F9: 10.301 | G9: 189.012
A10: Origine inconnue | B10: 3818.8153 | C10: 157.786 | D10: 2327.9807 | E10: 318.4235 | F10: 63.299 | G10: 217.7868 | H10: 135.332
A11: Ensemble | B11: 84759.542 | C11: 1187.555 | D11: 54207.836 | E11: 6047.1535 | F11: 1177.44 | G11: 632.908 | H11: 135.332
A12: Note : les ventes pour la consommation sont les premières ventes des coquillages après marquage sanitaire.
A13: Source : Agreste - Enquête aquaculture 2019

Sheet ostreiculture_origine_region
A1: Volumes d'huîtres (creuses et plates) vendues à la consommation selon l'origine du naissain | E1: =HYPERLINK("#'sommaire'!A1", "Retour sommaire") -> Retour sommaire
A3: Origine du naissain | B3: Huîtres (en tonne) | C3: Pourcentage
A4: Normandie - Mer du Nord
A5: Gisement naturel | B5: 1777.1256 | C5: 16.293564
A6: Captage | B6: 3778.4695 | C6: 34.642871
A7: Ecloserie diploïde | B7: 1660.0638 | C7: 15.220283
A8: Ecloserie triploïde | B8: 3575.3529 | C8: 32.780598
A9: Autre ou origine inconnue | B9: 115.906 | C9: 1.0626834
A10: Ensemble Normandie - Mer du Nord | B10: 10906.918 | C10: 100
A11: Bretagne Nord
A12: Gisement naturel | B12: 1606.6333 | C12: 12.707768
A13: Captage | B13: 5103.4061 | C13: 40.365713
A14: Ecloserie diploïde | B14: 1118.2456 | C14: 8.8448342
A15: Ecloserie triploïde | B15: 3975.5966 | C15: 31.445232
A16: Autre ou origine inconnue | B16: 839.0416 | C16: 6.6364526
A17: Ensemble Bretagne Nord | B17: 12642.923 | C17: 100
A18: Bretagne Sud
A19: Gisement naturel | B19: 814.09935 | C19: 8.0078573
A20: Captage | B20: 4022.4403 | C20: 39.566581
A21: Ecloserie diploïde | B21: 2004.3982 | C21: 19.716187
A22: Ecloserie triploïde | B22: 1480.7085 | C22: 14.564932
A23: Autre ou origine inconnue | B23: 1844.6107 | C23: 18.144443
A24: Ensemble Bretagne Sud | B24: 10166.257 | C24: 100
A25: Pays de la Loire
A26: Gisement naturel | B26: 202.61858 | C26: 3.0641897
A27: Captage | B27: 1446.9117 | C27: 21.881566
A28: Ecloserie diploïde | B28: 592.445 | C28: 8.9595134
A29: Ecloserie triploïde | B29: 3946.7323 | C29: 59.686217
A30: Autre ou origine inconnue | B30: 423.761 | C30: 6.4085145
A31: Ensemble Pays de la Loire | B31: 6612.4685 | C31: 100
A32: Charente-Maritime
A33: Gisement naturel | B33: 4239.9011 | C33: 12.071127
A34: Captage | B34: 17711.159 | C34: 50.424207
A35: Ecloserie diploïde | B35: 4142.81 | C35: 11.794706
A36: Ecloserie triploïde | B36: 7235.7425 | C36: 20.600379
A37: Autre ou origine inconnue | B37: 1794.7057 | C37: 5.1095815
A38: Ensemble Charente-Maritime | B38: 35124.318 | C38: 100
A39: Arcachon Aquitaine
A40: Ecloserie triploïde | B40: 771.442 | C40: 14.535757
A41: Autre ou origine inconnue | B41: 93.26 | C41: 1.7572348
A42: Captage | B42: 3580.848 | C42: 67.471485
A43: Ecloserie diploïde | B43: 412.492 | C43: 7.7723064
A44: Gisement naturel | B44: 449.16 | C44: 8.4632166
A45: Ensemble Arcachon Aquitaine | B45: 5307.202 | C45: 100
A46: Méditerranée
A47: Gisement naturel | B47: 1222.5658 | C47: 23.569758
A48: Captage | B48: 523.96905 | C48: 10.101562
A49: Ecloserie diploïde | B49: 1186.6409 | C49: 22.877164
A50: Ecloserie triploïde | B50: 1968.0486 | C50: 37.941868
A51: Autre ou origine inconnue | B51: 285.786 | C51: 5.5096478
A52: Ensemble Méditerranée | B52: 5187.0103 | C52: 100
A53: Note : les ventes pour la consommation sont les premières ventes des coquillages après marquage sanitaire.
A54: Source : Agreste - Enquête aquaculture 2019

Sheet conchyliculture_destination
A1: Ventes selon la destination | F1: =HYPERLINK("#'sommaire'!A1", "Retour sommaire") -> Retour sommaire
A3: En millier d'€
A4: Destination | B4: Huîtres | C4: Moules | D4: Autres coquillages (coque, palourde...)
A5: Vente entre conchyliculteurs pour grossissement ou finition | B5: 146432.32 | C5: 18711.357 | D5: 8770.9522
A6: Vente à la consommation | B6: 398298.48 | C6: 133705.22 | D6: 9712.975
A7: Dégustation | B7: 11237.282 | C7: 751.13552 | D7: 121.14328
A8: Autres ventes directes aux particuliers | B8: 92023.713 | C8: 7656.638 | D8: 1448.2755
A9: Restaurateur, traiteur | B9: 22845.011 | C9: 9705.0149 | D9: 742.58112
A10: Poissonnier, écailler | B10: 16826.35 | C10: 8517.782 | D10: 500.1777
A11: Autre conchyliculteur en achat/revente | B11: 25841.688 | C11: 10171.503
A12: GMS (grandes et moyennes surfaces) | B12: 111465.51 | C12: 35489.063 | D12: 135.21994
A13: Mareyeur, grossiste, revendeur, courtier | B13: 65403.129 | C13: 51847.643 | D13: 4461.157
A14: Export au sein de l'Union Européenne | B14: 22880.003 | C14: 1413.1983 | D14: 2304
A15: Export hors Union Européenne | B15: 14377.311 | C15: 509.32886
A16: Autres | B16: 15398.484 | C16: 7643.9156
A17: Total | B17: 544730.8 | C17: 152416.58 | D17: 18483.927
A18: Note : les ventes pour la consommation sont les premières ventes des coquillages après marquage sanitaire. Les ventes entre professionnels sont des ventes de coquillages non marqués sanitairement.
A19: Source : Agreste - Enquête aquaculture 2019

Sheet conchyliculture_qualite
A1: Ventes sous marque déposée ou signe officiel de qualité | I1: =HYPERLINK("#'sommaire'!A1", "Retour sommaire") -> Retour sommaire
A3: Marque ou signe de qualité | B3: Huîtres | C3: Part des huîtres sous marque ou signe de qualité | D3: Moules | E3: Part des moules sous marque ou signe de qualité | F3: Autres coquillages (coques, palourdes, ormeaux...) | G3: Part des autres coquillages sous marque ou signe de qualité
B4: tonne | C4: % | D4: tonne | E4: % | F4: tonne | G4: %
A5: Agriculture Biologique | B5: 1157.4512 | C5: 1.3467019 | D5: 1882.0994 | E5: 3.1235577 | F5: 7.705 | G5: 0.39600551
A6: IGP (Huîtres Marennes Oléron) | B6: 18043.909 | C6: 20.994204
A7: AOP (Moules de bouchot de la Baie du Mont Saint-Michel | D7: 10020.736 | E7: 16.630549
A8: STG Moules de bouchot | D8: 34154.742 | E8: 56.683673
A9: Label Rouge - Huîtres fines de claires (LA/25/89) | B9: 1304.6011 | C9: 1.5179118
A10: Label Rouge - Huîtres pousse en claires (LA/22/98) | B10: 351.91059 | C10: 0.40945023
A11: Label Rouge - Moules (LA/03/16) | D11: 892.36122 | E11: 1.4809748
A12: Label Rouge - Moules de filières élevées en pleine mer (LA/06/14) | D12: 541.85629 | E12: 0.89927206
A13: Filière d’enseigne de la grande distribution et/ou IFS et/ou BRC | B13: 2975.8982 | C13: 3.4624767 | D13: 563.68 | E13: 0.93549099
A14: Marque collective du CRC | B14: 14001.298 | C14: 16.2906 | D14: 1272.9032 | E14: 2.1125274 | F14: 125.13 | G14: 6.4311706
A15: Marque individuelle déposée | B15: 12368.242 | C15: 14.390529 | D15: 511.2063 | E15: 0.84840492 | F15: 46.557 | G15: 2.3928395
A16: Autres, dont marque individuelle déposée | B16: 4754.8735 | C16: 5.5323259 | D16: 638.99838 | E16: 1.0604904
A17: Note : un coquillage peut être vendu sous plusieurs marques déposées ou signes de qualité.
A19: Abréviations :
A20: - CRC : Comité Régional de la Conchyliculture
A21: - IGP : Indication géographique protégée
A22: - AOP : Appellation d'origine protégée
A23: - STG : Spécialité traditionnelle garantie
A24: - IFS : International Featured Standard (référentiel d'audit qui certifie les fournisseurs d'aliments des marques de distributeurs)
A25: - BRC : British Retail Consortium Food (référentiel britannique destiné aux fournisseurs de produits alimentaires vendus sous marques propres ou sous marques de distributeurs)
A27: Lecture : 14 001 tonnes d'huîtres ont été vendues sous une marque collective de CRC, soit 16.3% des huîtres vendues en France.
A29: Source : Agreste - Enquête aquaculture 2019

Sheet ostreiculture_qualite
A1: Ventes d'huîtres sous marque déposée ou signe officiel de qualité, par région | K1: =HYPERLINK("#'sommaire'!A1", "Retour sommaire") -> Retour sommaire
A3: En tonne
A4: Région du siège de l'entreprise | B4: Agriculture Biologique | C4: IGP (Huîtres Marennes Oléron) | D4: Label Rouge - Huîtres fines de claires (LA/25/89) | E4: Label Rouge - Huîtres pousse en claires (LA/22/98) | F4: Filière d’enseigne de la grande distribution et/ou IFS et/ou BRC | G4: Marque collective du CRC | H4: Marque individuelle déposée | I4: Autres, dont marque individuelle déposée
A5: Normandie - Mer du Nord | B5: s | F5: 375.53568 | G5: 1532.0724 | H5: 2599.9884 | I5: 911.393
A6: Arcachon-Aquitaine | B6: 15.12 | G6: 1739.97 | H6: 473 | I6: 295.048
A7: Pays de la Loire | B7: s | F7: s | G7: 2085.429 | H7: 667.47 | I7: s
A8: Méditerranée | B8: 64.80549 | F8: 236.75845 | G8: 926.15319 | H8: 576.06755 | I8: 141.3
A9: Charente-Maritime | B9: 875.6858 | C9: 17838.619 | D9: s | E9: 351.91059 | F9: 1037.5595 | G9: 3301.7147 | H9: 5355.2131 | I9: 2148.8225
A10: Bretagne Nord | B10: s | C10: s | D10: s | F10: s | G10: 3021.1884 | H10: 2441.8551 | I10: s
A11: Bretagne Sud | B11: s | C11: s | F11: s | G11: 1394.77 | H11: 254.648 | I11: 846.278
A12: Ensemble | B12: 1157.4512 | C12: 18043.909 | D12: 1304.6011 | E12: 351.91059 | F12: 2975.8982 | G12: 14001.298 | H12: 12368.242 | I12: 4754.8735
A13: Note : un coquillage peut être vendu sous plusieurs marques déposées ou signes de qualité.
A15: Abréviations :
A16: - CRC : Comité Régional de la Conchyliculture
A17: - IGP : Indication géographique protégée
A18: - STG : Spécialité traditionnelle garantie
A19: - IFS : International Featured Standard (référentiel d'audit qui certifie les fournisseurs d'aliments des marques de distributeurs)
A20: - BRC : British Retail Consortium Food (référentiel britannique destiné aux fournisseurs de produits alimentaires vendus sous marques propres ou sous marques de distributeurs)
A22: Lecture : les entreprises dont le siège est en région Normandie - Mer du Nord ont vendu 1 532.1 tonnes d'huîtres sous la marque collective du CRC.
A24: Source : Agreste - Enquête aquaculture 2019

Sheet mytiliculture_qualite
A1: Ventes de moules sous marque déposée ou signe officiel de qualité, par région | L1: =HYPERLINK("#'sommaire'!A1", "Retour sommaire") -> Retour sommaire
A3: En tonne
A4: Région du siège de l'entreprise | B4: Agriculture Biologique | C4: STG Moules de bouchot | D4: AOP (Moules de bouchot de la Baie du Mont Saint-Michel) | E4: Label Rouge - Moules de filières élevées en pleine mer (LA/06/14) | F4: Label Rouge - Moules (LA/03/16) | G4: Filière d’enseigne de la grande distribution et/ou IFS et/ou BRC | H4: Marque collective du CRC | I4: Marque individuelle déposée | J4: Autres, dont marque individuelle déposée
A5: Normandie - Mer du Nord | B5: s | C5: 7699.4216 | G5: 431.68 | H5: 570.777 | I5: s | J5: s
A6: Bretagne Nord | B6: 909.4656 | C6: 12744.747 | D6: s | E6: s | F6: 91.31438 | H6: 209.4 | I6: 108.53 | J6: s
A7: Bretagne Sud | B7: s | C7: 4396.135 | D7: s | E7: s | F7: 76.450512 | H7: s | I7: s | J7: s
A8: Pays de la Loire | C8: 4561.637 | H8: s | I8: s | J8: s
A9: Charente-Maritime | B9: 547.26357 | C9: 4752.801 | E9: 196.35629 | F9: 724.59633 | G9: s | H9: 249.40136 | J9: s
A10: Méditerranée | B10: 36.8732 | G10: s | H10: 235.4788 | I10: 231.9885 | J10: 377.4
A11: Ensemble | B11: 1882.0994 | C11: 34154.742 | D11: 10020.736 | E11: 541.85629 | F11: 892.36122 | G11: 563.68 | H11: 1272.9032 | I11: 511.2063 | J11: 638.99838
A12: Note : un coquillage peut être vendu sous plusieurs marques déposées ou signes de qualité.
A14: Abréviations :
A15: - CRC : Comité Régional de la Conchyliculture
A16: - IGP : Indication géographique protégée
A17: - AOP : Appellation d'origine protégée
A18: - STG : Spécialité traditionnelle garantie
A19: - IFS : International Featured Standard (référentiel d'audit qui certifie les fournisseurs d'aliments des marques de distributeurs)
A20: - BRC : British Retail Consortium Food (référentiel britannique destiné aux fournisseurs de produits alimentaires vendus sous marques propres ou sous marques de distributeurs)
A22: Lecture : les entreprises dont le siège est en région Normandie - Mer du Nord ont vendu 571 tonnes de moules sous la marque collective du CRC.
A24: Source : Agreste - Enquête aquaculture 2019

Sheet conchy_siege_lieu
A1: Ventes à la consommation et entre professionnels des entreprises conchylicoles par région du siège et par région d'élevage (hors naissain) | M1: =HYPERLINK("#'sommaire'!A1", "Retour sommaire") -> Retour sommaire
A3: En tonne
A4: Région du siège de l'entreprise | D4: Région d'élevage | K4: Total
D5: Norm. - M.d.N. | E5: B. Nord | F5: B. Sud | G5: P.d.L | H5: Char.-Marit. | I5: Arc. Aquit. | J5: Méd.
A6: Nomandie - Mer du Nord
A7: Huîtres | B7: Adulte | C7: Conso. | D7: 10636.722 | E7: 255.5184 | F7: s | G7: s | I7: s | K7: 10906.918
A8: Huîtres | B8: Adulte | C8: Pro. | D8: 10464.853 | E8: 237.2293 | F8: s | G8: s | H8: s | I8: s | K8: 10850.837
A9: Huîtres | B9: Prégrossi | C9: Tous | D9: 1650.0717 | E9: 879.9513 | G9: s | H9: s | I9: s | K9: 2653.184
A10: Moules | B10: Adulte | C10: Conso. | D10: s | E10: s | K10: 10789.015
A11: Moules | B11: Adulte | C11: Pro. | D11: 3077.5494 | K11: 3077.5494
A12: Moules | B12: Prégrossi | C12: Tous | D12: 275.08 | K12: 275.08
A13: Palourde, coque, ormeau et autres coquillages | B13: Adulte | C13: Conso. | D13: s | K13: s
A14: Palourde, coque, ormeau et autres coquillages | B14: Adulte | C14: Pro. | D14: 94.606 | K14: 94.606
A15: Palourde, coque, ormeau et autres coquillages | B15: Prégrossi | C15: Tous | D15: s | K15: s
A16: Bretagne Nord
A17: Huîtres | B17: Adulte | C17: Conso. | E17: 12524.202 | F17: s | H17: s | I17: s | K17: 12642.923
A18: Huîtres | B18: Adulte | C18: Pro. | E18: 5132.4073 | F18: s | H18: s | I18: s | K18: 5244.4358
A19: Huîtres | B19: Prégrossi | C19: Tous | E19: 671.252 | K19: 671.252
A20: Moules | B20: Adulte | C20: Conso. | D20: s | E20: 22534.577 | F20: s | G20: s | H20: s | K20: 23784.237
A21: Moules | B21: Adulte | C21: Pro. | E21: 1845.0516 | K21: 1845.0516
A22: Moules | B22: Prégrossi | C22: Tous | E22: s | K22: s
A23: Palourde, coque, ormeau et autres coquillages | B23: Adulte | C23: Conso. | E23: 242.267 | K23: 242.267
A24: Palourde, coque, ormeau et autres coquillages | B24: Adulte | C24: Pro. | D24: s | E24: 7.882 | F24: s | K24: 15.988
A25: Bretagne Sud
A26: Huîtres | B26: Adulte | C26: Conso. | D26: s | E26: 2143.311 | F26: 7913.5692 | G26: 45.053 | H26: 44.69575 | I26: s | K26: 10166.257
A27: Huîtres | B27: Adulte | C27: Pro. | D27: s | E27: s | F27: 5698.53 | G27: 51.98 | H27: 59.094 | I27: s | K27: 6955.913
A28: Huîtres | B28: Prégrossi | C28: Tous | F28: s | H28: s | K28: 199.533
A29: Moules | B29: Adulte | C29: Conso. | E29: s | F29: 5787.537 | G29: s | K29: 6186.1
A30: Moules | B30: Adulte | C30: Pro. | E30: s | F30: 1247.094 | G30: s | K30: 1507.094
A31: Moules | B31: Prégrossi | C31: Tous | F31: 349.9 | G31: 332 | K31: 760.25
A32: Palourde, coque, ormeau et autres coquillages | B32: Adulte | C32: Conso. | F32: 263.066 | G32: 1291.679 | K32: 1554.745
A33: Palourde, coque, ormeau et autres coquillages | B33: Adulte | C33: Pro. | F33: 1169.676 | G33: 1143.5318 | K33: 2313.2078
A34: Palourde, coque, ormeau et autres coquillages | B34: Prégrossi | C34: Tous | F34: s | K34: s
A35: Pays de la Loire
A36: Huîtres | B36: Adulte | C36: Conso. | D36: s | E36: 674.0447 | F36: 491.20516 | G36: 5367.1186 | H36: s | I36: s | K36: 6612.4685
A37: Huîtres | B37: Adulte | C37: Pro. | D37: s | E37: 378.4748 | F37: 19.5876 | G37: 2854.7591 | H37: s | K37: 3291.9415
A38: Huîtres | B38: Prégrossi | C38: Tous | D38: s | E38: 80.4148 | F38: s | G38: 165.2592 | K38: 912.376
A39: Moules | B39: Adulte | C39: Conso. | D39: s | E39: s | F39: s | G39: 2439.847 | H39: 2480.996 | K39: 5017.033
A40: Moules | B40: Adulte | C40: Pro. | F40: s | G40: s | K40: 795.03
A41: Moules | B41: Prégrossi | C41: Tous | G41: 311.741 | K41: 311.741
A42: Palourde, coque, ormeau et autres coquillages | B42: Adulte | C42: Conso. | D42: s | F42: s | G42: 46.235 | K42: 57.935
A43: Palourde, coque, ormeau et autres coquillages | B43: Adulte | C43: Pro. | G43: 8.3 | K43: 8.3
A44: Palourde, coque, ormeau et autres coquillages | B44: Prégrossi | C44: Tous | G44: s | K44: s
A45: Charente-Maritime
A46: Huîtres | B46: Adulte | C46: Conso. | D46: 939.1084 | E46: 1802.6597 | F46: 1059.984 | G46: s | H46: 31107.392 | I46: s | J46: s | K46: 35124.318
A47: Huîtres | B47: Adulte | C47: Pro. | D47: 4178.7195 | E47: 1992.4548 | F47: 547.412 | G47: s | H47: 10578.504 | I47: s | K47: 17342.116
A48: Huîtres | B48: Prégrossi | C48: Tous | D48: s | E48: 68.098 | F48: 27.007 | H48: 625.489 | I48: s | K48: 2277.888
A49: Moules | B49: Adulte | C49: Conso. | D49: s | E49: 5.9395 | F49: s | G49: 473.2346 | H49: 7184.3926 | I49: s | K49: 8006.5157
A50: Moules | B50: Adulte | C50: Pro. | H50: 2059.2362 | K50: 2059.2362
A51: Moules | B51: Prégrossi | C51: Tous | D51: s | H51: s | K51: 498
A52: Palourde, coque, ormeau et autres coquillages | B52: Adulte | C52: Conso. | F52: 0.36 | H52: 63.065 | K52: 63.425
A53: Palourde, coque, ormeau et autres coquillages | B53: Adulte | C53: Pro. | H53: 22 | K53: 22
A54: Palourde, coque, ormeau et autres coquillages | B54: Prégrossi | C54: Tous | H54: 92.48 | K54: 92.48
A55: Arcachon-Aquitaine
A56: Huîtres | B56: Adulte | C56: Conso. | D56: s | E56: 130.148 | F56: 150.45 | I56: 4925.754 | J56: s | K56: 5307.202
A57: Huîtres | B57: Adulte | C57: Pro. | E57: 18.18 | F57: 22.5 | I57: 316.262 | K57: 356.942
A58: Huîtres | B58: Prégrossi | C58: Tous | D58: s | F58: 4.2 | H58: s | I58: 61.592 | J58: s | K58: 70.508
A59: Palourde, coque, ormeau et autres coquillages | B59: Adulte | C59: Conso. | I59: 1.6 | K59: 1.6
A60: Méditerranée
A61: Huîtres | B61: Adulte | C61: Conso. | E61: s | G61: s | I61: 11.2 | J61: 5165.2103 | K61: 5187.0103
A62: Huîtres | B62: Adulte | C62: Pro. | G62: s | H62: s | I62: s | J62: 2874.2367 | K62: 2907.6367
A63: Huîtres | B63: Prégrossi | C63: Tous | D63: s | H63: s | J63: s | K63: s
A64: Moules | B64: Adulte | C64: Conso. | I64: s | J64: s | K64: 6472.0895
A65: Moules | B65: Adulte | C65: Pro. | J65: 1164.9365 | K65: 1164.9365
A66: Moules | B66: Prégrossi | C66: Tous | J66: s | K66: s
A67: Palourde, coque, ormeau et autres coquillages | B67: Adulte | C67: Conso. | E67: s | I67: s | J67: 6.008 | K67: 17.08
A68: Palourde, coque, ormeau et autres coquillages | B68: Adulte | C68: Pro. | J68: s | K68: s
A69: Ensemble
A70: Huîtres | B70: Adulte | C70: Conso. | D70: 11676.77 | E70: 17534.083 | F70: 9652.6031 | G70: 5571.3726 | H70: 31265.044 | I70: 5033.7629 | J70: 5213.4603 | K70: 85947.097
A71: Huîtres | B71: Adulte | C71: Pro. | D71: 14684.532 | E71: 8880.0832 | F71: 6376.7286 | G71: 2953.1481 | H71: 10745.94 | I71: 435.1534 | J71: 2874.2367 | K71: 46949.822
A72: Huîtres | B72: Prégrossi | C72: Tous | D72: 3866.0987 | E72: 1699.7161 | F72: 250.62 | G72: 172.0152 | H72: 642.842 | I72: 64.916 | J72: 171.56 | K72: 6997.976
A73: Moules | B73: Adulte | C73: Conso. | D73: 12172.356 | E73: 22701.595 | F73: 5900.7445 | G73: 3300.5736 | H73: 9707.3887 | I73: s | J73: 6172.0895 | K73: 60254.99
A74: Moules | B74: Adulte | C74: Pro. | D74: 3077.5494 | E74: 1845.0516 | F74: 1492.745 | G74: 809.379 | H74: 2059.2362 | J74: 1164.9365 | K74: 10448.898
A75: Moules | B75: Prégrossi | C75: Tous | D75: 405.08 | E75: s | F75: 349.9 | G75: 643.741 | H75: 368 | J75: s | K75: 2304.221
A76: Palourde, coque, ormeau et autres coquillages | B76: Adulte | C76: Conso. | D76: 10.428 | E76: 242.339 | F76: 273.326 | G76: 1337.914 | H76: 63.065 | I76: s | J76: 6.008 | K76: 1945.68
A77: Palourde, coque, ormeau et autres coquillages | B77: Adulte | C77: Pro. | D77: 97.712 | E77: s | F77: 1174.676 | G77: 1151.8318 | H77: 22 | J77: s | K77: 2467.8468
A78: Palourde, coque, ormeau et autres coquillages | B78: Prégrossi | C78: Tous | D78: s | F78: s | G78: s | H78: 92.48 | K78: 123.888
A79: Lecture : les entreprises dont le siège est en région Normandie - Mer du Nord ont produit et vendu aux consommateurs 10 907 tonnes d'huître, dont 10 637 ont été élevées en Normandie - Mer du Nord, 256 en Bretagne Nord et le reste en Bretagne Sud, Pays de la Loire, Charente-Maritime, Arcachon-Aquitaine.
A80: Source : Agreste - Enquête aquaculture 2019

Sheet conchy_lieu_detaille
A1: Vente de coquillages selon la localisation de la production, hors écloserie/nurserie | G1: =HYPERLINK("#'sommaire'!A1", "Retour sommaire") -> Retour sommaire
A3: Région de production | B3: Zone de production | C3: Nombre d'entreprises | D3: Volume | E3: Perte estimée
D4: tonne | E4: %
A5: Huîtres - adulte - ventes aux consommateurs et aux professionnels
A6: Normandie - Mer du Nord | B6: Baie de Somme + Nord - Pas de Calais + Asnelles-Meuvaines | C6: 21 | D6: 1090.2278 | E6: 40
A7: Normandie - Mer du Nord | B7: Côte d'Albatre | C7: 7 | D7: 528.8492 | E7: 7
A8: Normandie - Mer du Nord | B8: Baie des Veys : Utah-beach | C8: 28 | D8: 5010.3543 | E8: 41
A9: Normandie - Mer du Nord | B9: Grandcamp-Isigny | C9: 46 | D9: 2867.9929 | E9: 16
A10: Normandie - Mer du Nord | B10: Côte Est | C10: 44 | D10: 4604.3359 | E10: 32
A11: Normandie - Mer du Nord | B11: Portbail-Pirou | C11: 29 | D11: 1986.8371 | E11: 24
A12: Normandie - Mer du Nord | B12: Gouville-Agon | C12: 81 | D12: 7074.6224 | E12: 26
A13: Normandie - Mer du Nord | B13: Sud-Sienne | C13: 9 | D13: 248.95 | E13: 24
A14: Normandie - Mer du Nord | B14: Zones non définies | C14: 18 | D14: 2949.1327 | E14: 35
A15: Bretagne Nord | B15: Baie de Cancale et du Mont Saint-Michel | C15: 77 | D15: 5467.9663 | E15: 40
A16: Bretagne Nord | B16: Baie de Saint-Brieuc + Fresnaye-Arguenon | C16: 39 | D16: 2358.3246 | E16: 44
A17: Bretagne Nord | B17: Tréguier Jaudy | C17: 20 | D17: 1857.224 | E17: 22
... A50: Méditerranée | B50: Zones non définies | C50: 35 | D50: 1397.816 | E50: 30
A51: Huîtres - en prégrossissement ou demi-élevage
A52: Normandie - Mer du Nord | B52: Nord Pas de Calais | C52: s | D52: s | E52: s
A53: Normandie - Mer du Nord | B53: Asnelles-Meuvaines | C53: 10 | D53: 927.3208 | E53: 43
A54: Normandie - Mer du Nord | B54: Baie des Veys : Utah-beach | C54: 6 | D54: 1666.3755 | E54: 30
A55: Normandie - Mer du Nord | B55: Grandcamp-Isigny | C55: 7 | D55: 65.5572 | E55: 24
A56: Normandie - Mer du Nord | B56: Côte Est | C56: 8 | D56: 217.92425 | E56: 11
A57: Normandie - Mer du Nord | B57: Portbail-Pirou | C57: 7 | D57: 134.43968 | E57: 26
A58: Normandie - Mer du Nord | B58: Gouville-Agon | C58: 22 | D58: 474.99632 | E58: 40
A59: Normandie - Mer du Nord | B59: Zones non définies | C59: 8 | D59: 485.393 | E59: 22
A60: Bretagne Nord | B60: Baie de Saint-Brieuc + Fresnaye-Arguenon + Baie de Cancale et du mont Saint Michel | C60: 13 | D60: 78.9753 | E60: 10
A61: Bretagne Nord | B61: Tréguier Jaudy | C61: 6 | D61: 25.88 | E61: 28
A62: Bretagne Nord | B62: Morlaix - Penze | C62: 8 | D62: 127.6648 | E62: 24
A63: Bretagne Nord | B63: Rade de Brest + Pays des Abers | C63: 9 | D63: 1438.946 | E63: 21
A64: Bretagne Nord | B64: Zones non définies | C64: 4 | D64: 28.25 | E64: 36
A65: Bretagne Sud | B65: Finistère Sud + Ria d'Etel | C65: 4 | D65: 23.939 | E65: 13
A66: Bretagne Sud | B66: Baie de Plouharnel | C66: s | D66: s | E66: s
A67: Bretagne Sud | B67: Golfe du Morbihan + rivières d'Auray, de Pénef, de Crach et de Saint Philibert + Traict de Pen Bé | C67: 24 | D67: 122.7951 | E67: 37
A68: Bretagne Sud | B68: Baie de Quiberon | C68: 5 | D68: 77.5259 | E68: 26
A69: Bretagne Sud | B69: Zones non définies | C69: s | D69: s | E69: s
A70: Pays de la Loire | B70: Secteur de la Plaine-sur-mer | C70: s | D70: s | E70: s
A71: Pays de la Loire | B71: Baie de Bourgneuf | C71: 14 | D71: s | E71: 46
A72: Charente-Maritime | B72: Pertuis d'Antioche + Pertuis Breton + zones non définies | C72: 17 | D72: 74.2528 | E72: 23
A73: Charente-Maritime | B73: Île de Ré | C73: 6 | D73: 15.9693 | E73: 9
A74: Charente-Maritime | B74: Marennes-Oléron | C74: 68 | D74: 569.4899 | E74: 21
A75: Arcachon Aquitaine | B75: Pointe du Médoc | C75: s | D75: s | E75: s
A76: Arcachon Aquitaine | B76: Bassin d'Arcachon | C76: 22 | D76: 48.592 | E76: 28
A77: Arcachon Aquitaine | B77: Zones non définies | C77: s | D77: s | E77: s
A78: Méditerranée | B78: Leucate | C78: 3 | D78: s | E78: 30
A79: Méditerranée | B79: Lagune de Thau et façades maritimes de Sète Marseillan et des Aresquiers | C79: 21 | D79: 162.956 | E79: 43
A80: Méditerranée | B80: Zones non définies | C80: 3 | D80: 7.604 | E80: 11
A81: Moules - adulte - ventes aux consommateurs et aux professionnels
A82: Normandie - Mer du Nord | B82: Asnelles-Meuvaines + Nord Pas de Calais | C82: 10 | D82: 913.096 | E82: 18
A83: Normandie - Mer du Nord | B83: Baie de Somme | C83: 12 | D83: 948.411 | E83: 24
A84: Normandie - Mer du Nord | B84: Baie des Veys : Utah-beach + Grandcamp-Isigny | C84: 13 | D84: 698.486 | E84: 27
A85: Normandie - Mer du Nord | B85: Portbail-Pirou | C85: 11 | D85: 1632.5409 | E85: 24
A86: Normandie - Mer du Nord | B86: Gouville-Agon | C86: 41 | D86: 5325.1021 | E86: 22
A87: Normandie - Mer du Nord | B87: Sud-Sienne | C87: 23 | D87: 3702.6739 | E87: 18
A88: Normandie - Mer du Nord | B88: Zones non définies | C88: 12 | D88: 2029.596 | E88: 22
A89: Bretagne Nord | B89: Baie de Cancale et du Mont Saint-Michel | C89: 44 | D89: 9044.223 | E89: 6
A90: Bretagne Nord | B90: Fresnaye-Arguenon | C90: 16 | D90: 2234.088 | E90: 27
A91: Bretagne Nord | B91: Baie de Saint-brieuc | C91: 22 | D91: 5400.226 | E91: 5
A92: Bretagne Nord | B92: Pays des abers | C92: 4 | D92: 59.014 | E92: 25
A93: Bretagne Nord | B93: Rade de Brest | C93: 7 | D93: 315.7761 | E93: 58
... A109: Charente-Maritime | B109: Zones non définies | C109: 9 | D109: 329.5394 | E109: 31
A110: Méditerranée | B110: Leucate + Gruissan + Fleury Vendres | C110: s | D110: s | E110: s
A111: Méditerranée | B111: Lagune de Thau et façades maritimes de Sète Marseillan et des Aresquiers | C111: 167 | D111: 4062.473 | E111: 15
A112: Méditerranée | B112: Anse de Carteau + Baie du Lazaret + Corse | C112: 27 | D112: 2232.92 | E112: 23
A113: Méditerranée | B113: Zones non définies | C113: 28 | D113: s | E113: 12
A114: Moules - en prégrossissement ou demi-élevage
A115: Normandie - Mer du Nord | B115: Nord Pas de Calais | C115: s | D115: s | E115: s
A116: Normandie - Mer du Nord | B116: Baie des Veys : Utah-beach | C116: s | D116: s | E116: s
A117: Normandie - Mer du Nord | B117: Sud-Sienne | C117: s | D117: s | E117: s
A118: Normandie - Mer du Nord | B118: Zones non définies | C118: s | D118: s | E118: s
A119: Bretagne Nord | B119: Baie de Cancale et du Mont Saint-Michel | C119: s | D119: s | E119: s
A120: Bretagne Sud | B120: Pénestin | C120: 12 | D120: 428.25 | E120: 22
A121: Pays de la Loire | B121: Île de Noirmoutier + Estuaire du Lay | C121: 9 | D121: 643.741 | E121: 25
A122: Charente-Maritime | B122: Pertuis Breton | C122: s | D122: s | E122: s
A123: Charente-Maritime | B123: Pertuis d'Antioche | C123: 3 | D123: 359.5 | E123: 0
A124: Charente-Maritime | B124: Marennes-Oléron | C124: s | D124: s | E124: s
A125: Méditerranée | B125: Anse de Carteau + lagune de Thau et façade de Sète-Marsillan et des Aresquiers | C125: 8 | D125: 73.15 | E125: 24
A126: Palourde, coque, ormeau et autres coquillages - adulte - ventes aux consommateurs et aux professionnels
A127: Normandie - Mer du Nord | B127: Zones non définies | C127: 3 | D127: 26.65 | E127: 21
A128: Normandie - Mer du Nord | B128: Baie de Somme | C128: 3 | D128: 21.29 | E128: 10
A129: Méditerranée | B129: Leucate + zones non définies | C129: 8 | D129: 2.874 | E129: 9
A130: Arcachon Aquitaine | B130: Pointe du Médoc | C130: s | D130: s | E130: s
A131: Bretagne Nord | B131: Baie de Cancale et du Mont Saint-Michel | C131: 6 | D131: 156.254 | E131: 56
A132: Bretagne Sud | B132: Baie de Quiberon | C132: 4 | D132: 5.99 | E132: 0
A133: Bretagne Sud | B133: Golfe du Morbihan et rivière d'Auray | C133: 48 | D133: 56.6288 | E133: 15
A134: Bretagne Sud | B134: Zones non définies | C134: 12 | D134: 38.17 | E134: 11
A135: Bretagne Sud | B135: Rivière de Pénef | C135: s | D135: s | E135: s
A136: Bretagne Sud | B136: Finistère Sud | C136: 17 | D136: 89.2966 | E136: 22
A137: Bretagne Sud | B137: Baie de Plouharnel | C137: s | D137: s | E137: s
A138: Bretagne Sud | B138: Ria d'Etel | C138: 8 | D138: 17.1146 | E138: 7
A139: Bretagne Sud | B139: Rivières de Crach et de Saint-Philibert | C139: 4 | D139: 8.117 | E139: 46
A140: Bretagne Nord | B140: Morlaix-Penze + Tréguier-Jaudy + Paimpol-Trieux + Baie de Saint-Brieuc + Fresnaye-Arguenon + Rade de Brest + Pays des abers + zones non définies | C140: 11 | D140: 93.967 | E140: 32
A141: Normandie - Mer du Nord | B141: Sud-Sienne | C141: s | D141: s | E141: s
A142: Pays de la Loire | B142: Baie de Bourgneuf | C142: 17 | D142: 20.549 | E142: 7
A143: Charente-Maritime | B143: Zones non définies | C143: s | D143: s | E143: s
A144: Pays de la Loire | B144: Île de Noirmoutier + zones non définies | C144: 24 | D144: 2469.1968 | E144: 5
A145: Arcachon Aquitaine | B145: Bassin d'Arcachon | C145: s | D145: s | E145: s
A146: Arcachon Aquitaine | B146: Zones non définies | C146: s | D146: s | E146: s
A147: Méditerranée | B147: Baie du Lazare | C147: s | D147: s | E147: s
A148: Méditerranée | B148: Lagune de Thau et façades maritimes de Sète Marseillan et des Aresquiers | C148: 10 | D148: 4.559 | E148: 39
...

Sheet pisciculture_france
A1: Ventes des piscicultures en 2019 par espèce, pour la consommation humaine, à l'export, pour le repeuplement en milieu naturel et en parcours de pêche | G1: =HYPERLINK("#'sommaire'!A1", "Retour sommaire") -> Retour sommaire
A3: Espèce | B3: Entreprises productrices | C3: Volume | D3: Valeur | E3: Prix unitaire
B4: nombre d'entreprises | C4: tonne | D4: millier d'€ | E4: € / kg
A5: Salmonidés chair | B5: 314 | C5: 35516.484 | D5: 132959.67 | E5: 3.7436044
A6: Truite arc-en-ciel | B6: 312 | C6: 34532.876 | D6: 125277.63 | E6: 3.6277786
A7: Truite fario | B7: 161 | C7: 557.08 | D7: 4332.082 | E7: 7.7764091
A8: Autres salmonidés (saumon de fontaine, hybride, ombre, omble chevalier...) | B8: 78 | C8: 426.528 | D8: 3349.956 | E8: 7.8540119
A9: Truite - œufs pour la consommation | B9: 54 | C9: 110.53149 | D9: 2327.7096 | E9: 21.059244
A10: Autres poissons d'eau douce hors étang, dont esturgeons et perches | B10: 11 | C10: 390.902 | D10: 1726.012 | E10: 4.4154596
A11: Esturgeons - caviar | B11: 8 | C11: 43.52 | D11: 24905.716 | E11: 572.28208
A12: Poissons d'étangs | B12: 179 | C12: 3269.582 | D12: 14308.952 | E12: nd
A13: Carpe (Cyprinus carpio) | B13: 135 | C13: 1384.1405 | D13: nd | E13: nd
A14: Gardon - rotengle | B14: 144 | C14: 946.2617 | D14: nd | E14: nd
A15: Tanche | B15: 114 | C15: 285.02395 | D15: nd | E15: nd
A16: Brochet | B16: 105 | C16: 263.98412 | D16: nd | E16: nd
A17: Sandre | B17: 84 | C17: 86.27502 | D17: nd | E17: nd
A18: Perche | B18: 81 | C18: 60.5812 | D18: nd | E18: nd
A19: Carpe amour | B19: 28 | C19: 48.29258 | D19: nd | E19: nd
A20: Black-bass | B20: 55 | C20: 44.21083 | D20: nd | E20: nd
A21: Carpe koï | B21: 32 | C21: 30.50094 | D21: nd | E21: nd
A22: Autres poissons d'étang | B22: 48 | C22: 114.98169 | D22: nd | E22: nd
A23: Poissons élevés en mer | B23: 29 | C23: 5706.914 | D23: 51019.94 | E23: 8.9400225
A24: Bar (loup) | B24: 19 | C24: 2202.095 | D24: 18664.722 | E24: 8.4758934
A25: Daurade royale | B25: 13 | C25: 2026.756 | D25: 16519.683 | E25: 8.1508001
A26: Maigre | B26: 6 | C26: 394.428 | D26: 3210.892 | E26: 8.140629
A27: Truite élevée en mer | B27: 7 | C27: 145.622 | D27: 896.291 | E27: 6.1549148
A28: Autres poissons élevés en mer (saumon de l'Atlantique, sole, turbot...) | B28: 6 | C28: 938.013 | D28: 11728.351 | E28: 12.503399
A29: Ensemble | B29: 524 | C29: 45037.934 | D29: 227248 | E29: 5.0457021
A30: Note : ventes pour la consommation humaine, à l'export, pour le repeuplement en milieu naturel et en parcours de pêche
A31: Une entreprise qui produit plusieurs espèces sera comptée plusieurs fois.
A32: Les entreprises piscicoles qui ne réalisent pas de ventes finales ne sont pas comptées ici (les écloseries, nurseries, les éleveurs qui vendent uniquement à d'autres piscicultures pour grossissement...)
A34: Le prix unitaire des poissons d'étang n'est pas disponible. Le volume et la valeur correspondent à l'ensemble des ventes de nombreuses espèces différentes, à des stades d'élevage différents pour des destinataire différent. Les prix de vente sont très différents d'une vente à l'autre, aussi il n'est pas pertinente de calculer un prix unitaire moyen.
A36: Lecture : 312 entreprises ont élevé et vendu des truites arc-en-ciel de taille marchande à des consommateurs, pour un volume de 34 533 tonnes et un montant de 125 278 000 euros.
A38: Source : Agreste - Enquête aquaculture 2019

Sheet pisciculture_region
A1: Production en pisciculture en 2019, par région du siège de l'entreprise et par espèce, hors écloserie / nurserie | I1: =HYPERLINK("#'sommaire'!A1", "Retour sommaire") -> Retour sommaire
A3: Espèce | B3: Région | C3: Destination | D3: Entreprises productrices | E3: Volume | F3: Valeur | G3: Prix unitaire
D4: nombre d'entreprises | E4: tonne | F4: millier d'€ | G4: € / kg
A5: Poissons d'eau douce
A6: Salmonidés | B6: Auvergne-Rhône-Alpes | C6: Consommateur | D6: 44 | E6: 3478.096 | F6: 20449.075 | G6: 5.8793877
A7: Salmonidés | B7: Auvergne-Rhône-Alpes | C7: Entre pisciculteurs | D7: 6 | E7: 257.674 | F7: 1311.674 | G7: 5.0904399
A8: Salmonidés | B8: Bourgogne-Franche-Comté | C8: Consommateur | D8: 23 | E8: 489.245 | F8: 3528.7012 | G8: 7.2125442
A9: Salmonidés | B9: Bourgogne-Franche-Comté | C9: Entre pisciculteurs | D9: 7 | E9: 36.498 | F9: 305.854 | G9: 8.3800208
A10: Salmonidés | B10: Bretagne | C10: Consommateur | D10: 26 | E10: 6463.787 | F10: 23144.582 | G10: 3.5806536
A11: Salmonidés | B11: Bretagne | C11: Entre pisciculteurs | D11: 9 | E11: 127.362 | F11: 431.84 | G11: 3.3906503
A12: Salmonidés | B12: Centre-Val de Loire | C12: Consommateur | D12: 11 | E12: 37.3 | F12: 242.469 | G12: 6.5005094
A13: Salmonidés | B13: Grand Est | C13: Consommateur | D13: 27 | E13: 970.538 | F13: 4784.912 | G13: 4.9301645
A14: Salmonidés | B14: Grand Est | C14: Entre pisciculteurs | D14: 3 | E14: 67 | F14: 269 | G14: 4.0149254
A15: Salmonidés | B15: Hauts-de-France | C15: Consommateur | D15: 25 | E15: 8761.494 | F15: 27315.352 | G15: 3.1176592
A16: Salmonidés | B16: Hauts-de-France | C16: Entre pisciculteurs | D16: 6 | E16: 168.009 | F16: 698.679 | G16: 4.1585808
A17: Salmonidés | B17: Île-de-France | C17: Consommateur | D17: 3 | E17: 82.3 | F17: 553.35 | G17: 6.7235723
A18: Salmonidés | B18: Île-de-France | C18: Entre pisciculteurs | D18: 2 | E18: s | F18: s | G18: s
A19: Salmonidés | B19: Normandie | C19: Consommateur | D19: 28 | E19: 1814.501 | F19: 7835.69 | G19: 4.3183718
A20: Salmonidés | B20: Normandie | C20: Entre pisciculteurs | D20: 5 | E20: 41.002 | F20: 156.402 | G20: 3.8144969
A21: Salmonidés | B21: Nouvelle-Aquitaine | C21: Consommateur | D21: 67 | E21: 10182.172 | F21: 34042.11 | G21: 3.3433052
A22: Salmonidés | B22: Nouvelle-Aquitaine | C22: Entre pisciculteurs | D22: 16 | E22: 1422.907 | F22: 4448.455 | G22: 3.1263147
A23: Salmonidés | B23: Occitanie | C23: Consommateur | D23: 40 | E23: 2943.644 | F23: 8959.645 | G23: 3.0437257
A24: Salmonidés | B24: Occitanie | C24: Entre pisciculteurs | D24: 10 | E24: 81.104 | F24: 196.71 | G24: 2.4254044
A25: Salmonidés | B25: Pays de la Loire | C25: Consommateur | D25: 8 | E25: 47.89 | F25: 260.5 | G25: 5.439549
A26: Salmonidés | B26: Pays de la Loire | C26: Entre pisciculteurs | D26: 4 | E26: 0.6 | F26: 4 | G26: 6.6666667
A27: Salmonidés | B27: Provence-Alpes-Côte d'Azur + Corse | C27: Consommateur | D27: 12 | E27: 245.517 | F27: 1843.281 | G27: 7.507753
A28: Poissons d'étang | B28: Auvergne-Rhône-Alpes | C28: Consommateur | D28: 40 | E28: 734.672 | F28: 2360.192 | G28: 3.2125792
A29: Poissons d'étang | B29: Bourgogne-Franche-Comté | C29: Consommateur | D29: 17 | E29: 216.84 | F29: 1132.404 | G29: 5.2223022
A30: Poissons d'étang | B30: Centre-Val de Loire | C30: Consommateur | D30: 29 | E30: 698.152 | F30: 3121.659 | G30: 4.4713171
... A38: Autres poissons d'eau douce hors étang, dont esturgeons et perches | B38: Nouvelle-Aquitaine + Occitanie + Provence-Alpes-Côte d'Azur + Pays de la Loire | C38: Entre pisciculteurs | D38: 4 | E38: 241.779 | F38: 2129.628 | G38: 8.8081595
A39: Poissons élevés en mer
A40: Tous poissons élevés en mer | B40: Bretagne + Normandie | C40: Consommateur | D40: 8 | E40: 445.101 | F40: 4127.286 | G40: 9.2726954
A41: Tous poissons élevés en mer | B41: Corse | C41: Consommateur | D41: 6 | E41: 1071.925 | F41: 8861.0275 | G41: 8.2664622
A42: Tous poissons élevés en mer | B42: Hauts-de-France + Provence-Alpes-Côte d'Azur + Occitanie | C42: Consommateur | D42: 10 | E42: 3553.777 | F42: 29541.818 | G42: 8.3127945
A43: Tous poissons élevés en mer | B43: Nouvelle-Aquitaine + Pays de la Loire | C43: Consommateur | D43: 5 | E43: 636.111 | F43: 8489.808 | G43: 13.346425
A44: Œufs de poissons pour la consommation
A45: Caviar d'esturgeons | B45: Nouvelle-Aquitaine + Centre-Val de Loire | C45: Consommateur | D45: 8 | E45: 43.52 | F45: 24905.716 | G45: 572.28208
A46: Œufs de truite | B46: Auvergne-Rhône-Alpes | C46: Consommateur | D46: 7 | E46: 2.7126447 | F46: 67.477085 | G46: 24.875018
A47: Oeufs de truite | B47: Bourgogne-Franche-Comté | C47: Consommateur | D47: 5 | E47: 0.4045326 | F47: 28.146635 | G47: 69.578162
A48: Oeufs de truite | B48: Bretagne | C48: Consommateur | D48: 9 | E48: 29.435065 | F48: 614.43482 | G48: 20.874247
A49: Oeufs de truite | B49: Hauts-de-France + Normandie + Grand Est | C49: Consommateur | D49: 9 | E49: 5.0423023 | F49: 96.462064 | G49: 19.130559
A50: Oeufs de truite | B50: Occitanie + Nouvelle-Aquitaine + Provence-Alpes-Côte d'Azur | C50: Consommateur | D50: 24 | E50: 72.936944 | F50: 1521.189 | G50: 20.856221
A51: Note : une entreprise qui produit plusieurs espèces sera comptée plusieurs fois.
A52: Toute la production d'une entreprise est localisée à la région de son siège, même si une partie de la production est réalisée dans un site localisé dans une autre région
A53: Les ventes pour la consommation sont les premières ventes pour la consommation humaine, à l'export, pour le repeuplement en milieu naturel et en parcours de pêche. Les ventes entre professionnels sont des ventes à une autre pisciculture française qui réalisera une partie de l'élevage du poisson.
A55: Le prix unitaire des poissons d'étang n'est pas disponible. Le volume et la valeur correspondent à l'ensemble des ventes de nombreuses espèces différentes, à des stades d'élevage différents pour des destinataire différent. Les prix de vente sont très différents d'une vente à l'autre, aussi il n'est pas pertinente de calculer un prix unitaire moyen.
A57: Lecture : en Auvergne-Rhône-Alpes, 44 entreprises ont élevé et vendu des truites arc-en-ciel de taille marchande à des consommateurs, pour un volume de 3 478 tonnes et un montant de 20 449 000 euros.
A58: 6 entreprises ont élevé et vendu 258 tonnes de truite arc-en-ciel à d'autres pisciculteurs français
A60: Source : Agreste - Enquête aquaculture 2019

Sheet pisciculture_ecloserie
A1: Production des écloseries / nurseries en pisciculture en 2019, par espèce | H1: =HYPERLINK("#'sommaire'!A1", "Retour sommaire") -> Retour sommaire
A3: Espèce | B3: Stade d'élevage | C3: Entreprises productrices | D3: Quantité vendue | E3: Valeur | F3: Prix unitaire
C4: nombre d'entreprises | D4: million | E4: millier d'€ | F4: € / mille
A5: Salmonidés | B5: Juvéniles | C5: 66 | D5: 21.6222 | E5: 4091.378 | F5: 189.22117
A6: Salmonidés | B6: Œufs pour la reproduction | C6: 32 | D6: 175.691 | E6: 2886.691 | F6: 16.4305
A7: Poissons d'eau douce hors salmonidés | B7: Alevins | C7: 15 | D7: 3.9827762 | E7: 251.88396 | F7: 63.243312
A8: Poissons d'eau douce hors salmonidés | B8: Vésicules resorbées | C8: 14 | D8: 27.319657 | E8: 312.96288 | F8: 11.455593
A9: Poissons d'eau douce hors salmonidés | B9: Juvéniles | C9: 4 | D9: 0.341 | E9: 239 | F9: 700.87977
A10: Poissons élevés en mer | B10: Larves, alevins et prégrossis | C10: 4 | D10: 325.20896 | E10: 26558.086 | F10: nd
A11: Note : une entreprise qui produit plusieurs espèces sera comptée plusieurs fois.
A12: Le prix unitaire des poissons élevés en mer n'est pas disponible. Le volume et la valeur rassemblent des stades d'élevage différents. Les prix de vente sont très différents selon le stade d'élevage, aussi il n'est pas pertinente de calculer un prix unitaire moyen.
A14: Lecture : 66 entreprises ont produit 21.6 millions de salmonidés juvéniles, 32 ont produit 175.7 millions d'oeufs pour la reproduction
A16: Source : Agreste - Enquête aquaculture 2019

Sheet pisciculture_CA_region
A1: Chiffre d'affaires de la pisciculture par région (toutes espèces et toutes destinations) | E1: =HYPERLINK("#'sommaire'!A1", "Retour sommaire") -> Retour sommaire
A3: Région | B3: Entreprises productrices | C3: Valeur
B4: nombre d'entreprises | C4: millier d'€
A5: Auvergne-Rhône-Alpes | B5: 82 | C5: 24992.344
A6: Bourgogne-Franche-Comté | B6: 42 | C6: 5101.3795
A7: Bretagne | B7: 34 | C7: 25932.318
A8: Centre-Val de Loire | B8: 40 | C8: 5377.0939
A9: Corse | B9: 7 | C9: 9029.0275
A10: Grand Est | B10: 69 | C10: 10678.669
A11: Hauts-de-France | B11: 30 | C11: 52176.457
A12: Île-de-France | B12: 3 | C12: 723.75
A13: Normandie | B13: 32 | C13: 12157.055
A14: Nouvelle-Aquitaine | B14: 108 | C14: 76978.048
A15: Occitanie | B15: 59 | C15: 14708.357
A16: Pays de la Loire | B16: 21 | C16: 3103.6818
A17: Provence-Alpes-Côte d'Azur | B17: 18 | C17: 11803.927
A18: Note : le chiffre d'affaires correspond à toutes les ventes des piscicultures, en vente finale et en vente entre professionnels, à tout stade d'élevage y compris les ventes des écloseries
A19: Toutes les ventes sont localisées dans la région du siège de l'entreprises, même si l'entreprise réalise des ventes dans des établissements localisés dans différentes régions.
A20: Source : Agreste - Enquête aquaculture 2019

Sheet pisciculture_evenements_except
A1: Evénements exceptionnels en pisciculture en 2019 | G1: =HYPERLINK("#'sommaire'!A1", "Retour sommaire") -> Retour sommaire
A3: Type d'évènement exceptionnel | B3: Elevage de salmonidés | C3: Elevage d'esturgeons et autres poissons d'eau douce hors étangs | D3: Pisciculture en étangs | E3: Pisciculture marine
A4: Pas d'événement exceptionnel | B4: 263 | C4: 11 | D4: 104 | E4: 25
A5: Climat : sécheresse, inondation, tempêtes, température de l'eau | B5: 32 | C5: 1 | D5: 65
A6: Lancement ou redéploiement de l'activité | B6: 12 | D6: 4
A7: Pollution | B7: 5
A8: Problème d'élevage dont sinistre, vol, prédation... | B8: 13 | D8: 8 | E8: 3
A9: Ensemble | B9: 325 | C9: 12 | D9: 181 | E9: 28
A10: Note : les entreprises qui ont une activité piscicole en 2019 sont réparties selon leur activité principale
A11: L'activité piscicole principale d'une entreprise est celle qui a généré le chiffre d'affaires le plus élevé en 2019.
A13: Lecture : 263 salmonicultures ont déclaré ne pas avoir eu d'évènements exceptionnels en 2019, 32 un évènement lié au climat, 12 au lancement ou redéploiement d'une activité, 5 une pollution, 13 un problème d'élevage.
A14: Source : Agreste - Enquête aquaculture 2019

Sheet pisciculture_destination
A1: Volumes vendus en pisciculture hors étang en 2019, par destination | H1: =HYPERLINK("#'sommaire'!A1", "Retour sommaire") -> Retour sommaire
A3: Espèce | B3: Destination | C3: Entreprises productrices | D3: Volume | E3: Valeur | F3: Prix unitaire
C4: nombre d'enteprises | D4: tonne | E4: millier d'€ | F4: €/kg
A5: Truite arc-en-ciel | B5: Consommation humaine | C5: 277 | D5: 24719.172 | E5: 90433.887 | F5: 3.6584513
A6: Truite arc-en-ciel | B6: Export | C6: 39 | D6: 6133.429 | E6: 16908.236 | F6: 2.7567346
A7: Truite arc-en-ciel | B7: Repeuplement et parcours de pêche | C7: 211 | D7: 3680.275 | E7: 17935.506 | F7: 4.8734146
A8: Truite arc-en-ciel | B8: Ventes à un autre pisciculteur français | C8: 58 | D8: 2079.607 | E8: 7180.892 | F8: 3.4530043
A9: Truite fario | B9: Consommation humaine | C9: 88 | D9: 215.324 | E9: 1924.778 | F9: 8.938985
A10: Truite fario | B10: Export | C10: 6 | D10: 23.065 | E10: 117.685 | F10: 5.1023195
A11: Truite fario | B11: Repeuplement et parcours de pêche | C11: 125 | D11: 318.691 | E11: 2289.619 | F11: 7.1844483
A12: Truite fario | B12: Ventes à un autre pisciculteur français | C12: 25 | D12: 104.2 | E12: 601.733 | F12: 5.7747889
A13: Autres salmonidés (saumon de fontaine, hybride, ombre, omble chevalier...) | B13: Consommation humaine | C13: 51 | D13: 273.054 | E13: 2653.524 | F13: 9.7179459
A14: Autres salmonidés (saumon de fontaine, hybride, ombre, omble chevalier...) | B14: Export | C14: 8 | D14: 121.099 | E14: 460.569 | F14: 3.8032436
A15: Autres salmonidés (saumon de fontaine, hybride, ombre, omble chevalier...) | B15: Repeuplement et parcours de pêche | C15: 39 | D15: 32.375 | E15: 235.863 | F15: 7.2853436
A16: Autres salmonidés (saumon de fontaine, hybride, ombre, omble chevalier...) | B16: Ventes à un autre pisciculteur français | C16: 11 | D16: 35.549 | E16: 210.389 | F16: 5.9182818
... A22: Poissons élevés en mer | B22: Export | C22: 3 | D22: 840.912 | E22: 8080.205 | F22: 9.6088592
A23: Source : Agreste - Enquête aquaculture 2019

Sheet pisciculture_bio
A1: Pisciculture - Part de la production en bio | F1: =HYPERLINK("#'sommaire'!A1", "Retour sommaire") -> Retour sommaire
A3: en tonnes
A4: Espèce | B4: Entreprises produisant en Agriculture Biologique | C4: Volume en AB | D4: Volume hors AB
A5: Salmonidés (chair) | B5: 34 | C5: 1925.6303 | D5: 33590.854
A6: Poissons d'étang | B6: 28 | C6: 253.81386 | D6: 3015.7681
A7: Autres poissons d'eau douce hors étangs, dont esturgeons et perches (chair) | B7: 0 | C7: 0 | D7: 390.902
A8: Bar (loup) | B8: 3 | C8: 141.152 | D8: 2060.943
A9: Autres poissons élevés en mer, dont maigre, daurade royale... | B9: 4 | C9: 116.771 | D9: 3388.048
A10: Salmonidés (œufs pour la consommation) | B10: 9 | C10: 9.8475261 | D10: 100.68396
A11: Esturgeons (caviar) | B11: 0 | C11: 0 | D11: 43.52
A12: Lecture : 34 entreprises ont vendu 1 926 tonnes de salmonidés (chair) en Agriculture Biologique.
A14: Source : Agreste - Enquête aquaculture 2019

Sheet pisciculture_calibre
A1: Volumes vendus de truite arc-en-ciel par destination et calibre | F1: =HYPERLINK("#'sommaire'!A1", "Retour sommaire") -> Retour sommaire
A3: en %
A4: Destination | B4: Calibre | C4: Entreprises productrices | D4: Part des ventes selon calibre
A5: Consommation humaine | B5: Portion (- de 500 g) | C5: 241 | D5: 23.2
A6: Consommation humaine | B6: Petit filet (500 à 1 kg) | C6: 96 | D6: 9.4
A7: Consommation humaine | B7: Grande (1 à 2 kg) | C7: 153 | D7: 24.5
A8: Consommation humaine | B8: Très grande (+ de 2 kg) | C8: 103 | D8: 42.9
A9: Repeuplement et parcours de pêche | B9: Portion (- de 500 g) | C9: 201 | D9: 80.3
A10: Repeuplement et parcours de pêche | B10: Petit filet (500 à 1 kg) | C10: 70 | D10: 7.6
A11: Repeuplement et parcours de pêche | B11: Grande (1 à 2 kg) | C11: 92 | D11: 8.6
A12: Repeuplement et parcours de pêche | B12: Très grande (+ de 2 kg) | C12: 33 | D12: 3.5
A13: Export | B13: Portion (- de 500 g) | C13: 27 | D13: 81.6
A14: Export | B14: Petit filet (500 à 1 kg) | C14: 17 | D14: 13.8
A15: Export | B15: Grande (1 à 2 kg) | C15: 10 | D15: 2.7
A16: Export | B16: Très grande (+ de 2 kg) | C16: 8 | D16: 1.9
... A20: Ventes à un autre pisciculteur français | B20: Très grande (+ de 2 kg) | C20: 12 | D20: 4.3
A21: Lecture : 241 entreprises ont vendu des truites arc-en-ciel en portion (- 500g) pour la consommation humaine. Les ventes en portion représentent 23.2% des ventes pour la consommation humaine.
A22: Source : Agreste - Enquête aquaculture 2019

Sheet algoculture_espece_adulte
A1: Production en culture d'algues et de cyanobactéries, en 2019, hors production de semence | H1: =HYPERLINK("#'sommaire'!A1", "Retour sommaire") -> Retour sommaire
A3: Espèce | B3: Entreprises productrices | C3: Volume | D3: Valeur | E3: Prix unitaire | F3: Pertes estimées
B4: nombre d'entreprises | C4: tonne poids vif | D4: millier d'€ | E4: € / kg | F4: %
A5: Macro-algues | B5: 10 | C5: 150.678 | D5: 524.47 | E5: 3.4807338
A6: Undaria pinnatifida | B6: 6 | C6: 104.931 | D6: 403.343 | E6: 3.8438879 | F6: 14.609029
A7: Autre macro-algue | B7: 6 | C7: 45.747 | D7: 121.127 | E7: 2.6477583 | F7: 16.85105
A8: Micro-algues | B8: 8 | C8: 24.398 | D8: 1002.619 | E8: 41.094311
A9: Chlorella | B9: 4 | C9: 4.765 | D9: 27.343 | E9: 5.7383001 | F9: 0
A10: Tetraselmis | B10: 3 | C10: 1.45 | D10: 32.64 | E10: 22.510345 | F10: 0
A11: Autre micro-algue | B11: 5 | C11: 18.183 | D11: 942.636 | E11: 51.84161 | F11: 1.3116647
A12: Spiruline | B12: 161 | C12: 200.5982 | D12: 6904.3199 | E12: 34.418653 | F12: 6.3149069
A13: Ensemble | B13: 177 | C13: 375.6742 | D13: 8431.4089 | E13: 22.443407
A14: Note : vente finale des produits finis pour toutes les destinations (alimentation humaine et animale, cosmétique, pharmacie et autres)..
A15: Les volumes sont exprimés en poids vif : pour la spiruline le poids sec peut être estimé en divisant par 4 le poids vif, pour les micro-algues par 5.
A16: Une entreprise qui produit plusieurs espèces sera comptée plusieurs fois.
A18: Lecture : 6 entreprises ont cultivé et vendu 104.9 tonnes d'Undaria pinnatifida en 2019, pour des ventes finales s'élevant à 403 000 euros.
A20: Source : Agreste - Enquête aquaculture 2019

Sheet algoculture_region_adulte
A1: Production en culture d'algues et de cyanobactéries, en 2019, par région, hors production de semence | I1: =HYPERLINK("#'sommaire'!A1", "Retour sommaire") -> Retour sommaire
A3: Activité | B3: Région | C3: Entreprises productrices | D3: Volume | E3: Valeur | F3: Prix unitaire | G3: Pertes estimées
C4: nombre d'entreprises | D4: tonne poids vif | E4: millier d'€ | F4: € / kg | G4: %
A5: Macro-algue | B5: Bretagne + Nouvelle-Aquitaine | C5: 10 | D5: 150.678 | E5: 524.47 | F5: 3.4807338 | G5: 15.289724
A6: Micro-algue | B6: Occitanie + Auvergne-Rhône-Alpes + Provence-Alpes-Côte d'Azur | C6: 4 | D6: 16.424 | E6: 810.5 | F6: 49.348514 | G6: 0.00060886508
A7: Micro-algue | B7: Normandie + Bretagne + Pays de la Loire | C7: 4 | D7: 7.974 | E7: 192.119 | F7: 24.093178 | G7: 2.9897166
A8: Spiruline | B8: Provence-Alpes-Côte d'Azur + Corse | C8: 45 | D8: 58.673061 | E8: 1853.114 | F8: 31.583729 | G8: 3.7679087
A9: Spiruline | B9: Var | C9: 19 | D9: 24.159979 | E9: 733.94615 | F9: 30.378592 | G9: 4.6658284
A10: Spiruline | B10: Bouches-du-Rhône | C10: 9 | D10: 20.246737 | E10: 636.56544 | F10: 31.440397 | G10: 0.30939359
A11: Spiruline | B11: Alpes-de-Haute-Provence et Hautes-Alpes | C11: 6 | D11: 4.8864211 | E11: 167.23669 | F11: 34.22478 | G11: 14.711014
A12: Spiruline | B12: Vaucluse | C12: 4 | D12: 4.8636842 | E12: 145.52676 | F12: 29.921095 | G12: 5.1812574
A13: Spiruline | B13: Alpes-Maritimes et Corse | C13: 7 | D13: 4.51624 | E13: 169.839 | F13: 37.606283 | G13: 1.1071157
A14: Spiruline | B14: Occitanie | C14: 38 | D14: 34.376 | E14: 1233.2269 | F14: 35.874649 | G14: 4.8711892
A15: Spiruline | B15: Gard et Hérault | C15: 13 | D15: 20.328 | E15: 738.00641 | F15: 36.30492 | G15: 6.1593861
A16: Spiruline | B16: Aude et Pyrénées-Orientales | C16: 10 | D16: 4.824 | E16: 218.83253 | F16: 45.363294 | G16: 6.9908789
... A33: Spiruline | B33: Hauts-de-France | C33: 4 | D33: 3.74 | E33: 159.25 | F33: 42.580214 | G33: 8.9871658
A34: Note : vente finale des produits finis pour toutes les destinations (alimentation humaine et animale, cosmétique, pharmacie et autres)..
A35: Les volumes sont exprimés en poids vif : pour la spiruline le poids sec peut être estimé en divisant par 4 le poids vif.
A36: Une entreprise qui produit plusieurs espèces sera comptée plusieurs fois.
A38: Lecture : 45 entreprises de Provence-Alpes-Côte d'Azur ont cultivé et vendu 58.7 tonnes de spiruline (poids vif),
A39: pour des ventes finales s'élevant à 1 853 000 euros.
A40: 19 sont dans le Var, 9 dans les Bouches-du-Rhône, 4 en Vaucluse, 6 en Alpes-de-Haute-Provence + Hautes-Alpes, 7 en Alpes-Maritimes + Corse
A42: Source : Agreste - Enquête aquaculture 2019

Sheet algoculture_evenements_except
A1: Evénements exceptionnels dans la culture d'algues et de cyanobactéries en 2019 | G1: =HYPERLINK("#'sommaire'!A1", "Retour sommaire") -> Retour sommaire
A3: en nombre d'entreprises
A4: Type d'évènement exceptionnel | B4: Macro-algue | C4: Micro-algue | D4: Spiruline | E4: Multiples
A5: Pas d'événement exceptionnel | B5: 7 | C5: 3 | D5: 97
A6: Climat | B6: 1 | C6: 1 | D6: 21 | E6: 1
A7: Lancement ou redéploiement de l'activité | B7: 1 | D7: 13
A8: Problème technique de culture | D8: 5
A9: Problème de commercialisation | D9: 1
A10: Problème personnel | D10: 1
A11: Pas de réponse | B11: 1 | C11: 2 | D11: 21 | E11: 1
A12: Ensemble | B12: 10 | C12: 6 | D12: 159 | E12: 2
A13: Note : les entreprises produisant des algues/cyanobactéries ont été réparties selon les types de produits cultivés.
A14: Si l'entreprise produit plusieurs types d'algues, elle est placée dans la catégorie 'Multiples'.
A15: Sont représentées toutes les entreprises ayant cultivé des algues/cyanobactéries, même celles qui n'ont pas réalisé de vente.
A17: Lecture : parmi les entreprises cultivant des macro-algues, 7 n'ont pas d'évènement exceptionnel en 2019, 1 a eu un évènement lié au climat, 1 a lancé ou redéployé son activité et 1 n'a pas répondu.
A18: Source : Agreste - Enquête aquaculture 2019
